Cogmind - Beta 15 @@@ ROGUE MODE // 2025.06.08 @ 12:08:43 Player: Savant Result: Establishing Free Derelict Territories! Performance ------------- Evolutions (9) 4500 Regions Visited (38) 7600 Robots Destroyed (645) 3225 Value Destroyed (37028) 37028 Prototype IDs (103) 2060 Alien Tech Used (4) 800 Bonus (48594) 48594 TOTAL SCORE: 103807 Bonus ------- High Alert Combat Kills 7712 Follower Combat Kills 3131 Entered Garrisons 800 Network Hubs Disabled 200 Met Data Miner 300 Met Imprinter 300 Acquired ECA 300 Met Warlord at Base 500 MAIN.C Attacked Warlord 500 Warlord Defense Kills 1368 Built Enhanced Grunts 300 A7 Reached Mainframe 300 Met R17 at Cetus 500 Hacked Protovariant 500 Met R17 at Research 2000 Met Warlord at Research 2000 Invited to Help at Command 2000 Scanned by Researcher 500 Destroyed MAIN.C Guards 500 Met MAIN.C 5000 Hacked MAIN.C 300 Destroyed MAIN.C Shell 5000 Destroyed MAIN.C 10000 Met Warlord at Command 2000 Win 3000 Friendly Fire -417 Cogmind --------- Core Integrity 1406/1600 Matter 62/300 Energy 1314/1340 System Corruption 2% Temperature Hot (235) +ITN Movement Immobile (Siege) Location Free Derelict Territories Parts ------- > --- POWER (3) -------- Improved Quantum Reactor Improved Quantum Reactor Zero-point Reactor > --- PROPULSION (6) --- Centrium Heavy Treads Experimental Biometal Heavy Treads Advanced Heavy Siege Treads > --- UTILITY (12) ----- Experimental Cooling System Huge Storage Unit Experimental Energy Well Spectral Analyzer Experimental Core Analyzer Centrium Heavy Armor Plating AEGIS Remote Shield Advanced Dynamic Insulation System Microwarp Drive > --- WEAPON (4) ------- Enhanced Nova Cannon Enhanced Nova Cannon Compact Mass Driver Compact Mass Driver > --- INVENTORY (25) --- Light Quantum Reactor Centrium Heavy Treads Biometal Heavy Treads Experimental Energy Well (600) Experimental Energy Well (600) Experimental Energy Well (600) Experimental Matter Compressor (407) Advanced Kinecellerator Advanced Transmission Jammer Improved Medium Armor Plating Graphene Brace Experimental EM Shield Advanced Remote Force Field Long-range Tractor Beam Enhanced Gamma Rifle Enhanced Quantum Rifle Long-range Phase Cannon Point Singularity Launcher Advanced Remote Datajack Multitool Nanosword Peak State ------------ > --- POWER ------------ Improved Quantum Reactor Improved Quantum Reactor Zero-point Reactor > --- PROPULSION ------- Centrium Heavy Treads Experimental Biometal Heavy Treads Advanced Heavy Siege Treads > --- UTILITY ---------- Experimental Cooling System Huge Storage Unit Spectral Analyzer Experimental Core Analyzer Centrium Heavy Armor Plating Experimental EM Shield AEGIS Remote Shield Advanced Dynamic Insulation System Microwarp Drive > --- WEAPON ----------- Enhanced Gamma Rifle Enhanced Nova Cannon Enhanced Nova Cannon Advanced Remote Datajack > --- INVENTORY -------- Light Quantum Reactor Centrium Heavy Treads Biometal Heavy Treads Experimental Energy Well Experimental Energy Well Experimental Energy Well Experimental Energy Well Experimental Matter Compressor Advanced Kinecellerator Advanced Transmission Jammer Improved Medium Armor Plating Graphene Brace Advanced Remote Force Field Long-range Tractor Beam Enhanced Quantum Rifle Long-range Phase Cannon Compact Mass Driver Compact Mass Driver Point Singularity Launcher Multitool Nanosword [Rating: 259] Favorites ----------- Power Cold Fusion Reactor Engine Subdweller Power Source Power Core Enhanced Nuclear Core Reactor Cold Fusion Reactor Propulsion Armored Wheel Treads Improved Medium Treads Leg Experimental Myomer Leg Wheel Armored Wheel Hover Unit Cooled Antigrav System Flight Unit Surge Thruster Utility Huge Storage Unit Device Advanced Heat Sink Storage Huge Storage Unit Processor Experimental Targeting Computer Hackware Hacking Suite Protection Medium Reactive Plating Artifact Microwarp Drive Weapon Advanced KE Penetrator Energy Gun Heavy Gatling Laser Energy Cannon Heavy Phase Cannon Ballistic Gun Advanced KE Penetrator Ballistic Cannon Magnetic Acceleration Cannon Launcher Heavy Rocket Launcher Special Weapon Mining Laser Impact Weapon Makeshift Hammer Slashing Weapon Nanosword Build | -11 -10 -10 -8 -8 -7 -7 -7 -7 -7 -7 -6 -6 -6 -6 -6 -6 -6 -6 -6 -5 -5 -5 -5 -5 -4 -4 -4 -4 -4 -4 -3 -3 -3 -2 -2 -2 -1 -1 ------- Run | Yrd Mat Sub Mat Gar Fac Gar Fac Low Low Dat Pro Fac Was Fac Gar Fac Low Low Zio Pro Fac Upp Upp War Pro Fac Ext Cet Arc Hub Res Qua Gar Res Tes Sec Acc Com Slots Evolved 18 | . . . 4 . 2 . . . . . . 2 . . . . . . . . 2 . . . . 2 . . . . 2 . . 2 . . 2 . Power 2 | . . . . . . . . . . . . . . . . . . . . . . . . . . 1 . . . . . . . 1 . . . . Propulsion 4 | . . . 2 . . . . . . . . . . . . . . . . . 1 . . . . 1 . . . . . . . . . . . . Utility 10 | . . . 2 . 1 . . . . . . 1 . . . . . . . . 1 . . . . . . . . . 2 . . 1 . . 2 . Weapon 2 | . . . . . 1 . . . . . . 1 . . . . . . . . . . . . . . . . . . . . . . . . . . Parts Attached 389 | 9 3 19 15 14 10 10 16 4 7 . 2 14 5 15 9 12 . 3 6 5 37 8 2 13 1 22 8 9 6 1 7 8 11 17 18 21 13 9 Power 29 | 1 . 3 1 1 1 . 1 . . . . . 1 . . . . . . . 4 1 . . . 3 . . . . . . 3 3 3 3 . . Engine 6 | 1 . 3 1 . . . . . . . . . . . . . . . . . 1 . . . . . . . . . . . . . . . . . Core 8 | . . . . 1 1 . 1 . . . . . . . . . . . . . 3 1 . . . . . . . . . . 1 . . . . . Reactor 15 | . . . . . . . . . . . . . 1 . . . . . . . . . . . . 3 . . . . . . 2 3 3 3 . . Propulsion 82 | 2 1 7 6 4 4 2 7 . 2 . . 4 2 3 3 3 . . . 3 3 2 . 6 . 6 3 2 2 . . . . . 2 2 1 . Treads 58 | 2 . 1 5 4 4 1 4 . 2 . . 4 2 2 1 2 . . . 1 1 2 . 3 . 6 2 2 2 . . . . . 2 2 1 . Leg 3 | . . . 1 . . . . . . . . . . . . . . . . 1 . . . 1 . . . . . . . . . . . . . . Wheel 18 | . 1 6 . . . . 3 . . . . . . 1 2 1 . . . 1 2 . . . . . 1 . . . . . . . . . . . Hover 1 | . . . . . . . . . . . . . . . . . . . . . . . . 1 . . . . . . . . . . . . . . Flight 2 | . . . . . . 1 . . . . . . . . . . . . . . . . . 1 . . . . . . . . . . . . . . Utility 164 | 3 1 1 4 6 4 1 5 3 3 . 2 6 2 10 1 5 . 2 2 1 21 3 1 2 1 7 2 3 4 1 6 8 2 11 6 9 9 6 Device 93 | 2 . . . 5 . . 3 2 2 . 2 1 1 6 1 3 . 1 1 . 14 3 1 . . 3 2 . 4 1 3 3 2 6 5 7 6 3 Storage 14 | 1 1 . . . . . . . 1 . . . . . . 1 . . . . 1 . . . . 1 . . . . 1 2 . . . 1 1 3 Processor 19 | . . . 1 . 1 . . 1 . . . 3 . 1 . . . . . 1 2 . . 1 1 2 . . . . 1 . . 3 1 . . . Hackware 7 | . . . 1 . . . . . . . . 2 . 1 . . . . . . 1 . . . . . . . . . 1 . . . . 1 . . Protection 30 | . . 1 2 1 3 1 2 . . . . . 1 2 . 1 . 1 1 . 3 . . 1 . 1 . 3 . . . 3 . 2 . . 1 . Artifact 1 | . . . . . . . . . . . . . . . . . . . . . . . . . . . . . . . . . . . . . 1 . Weapon 114 | 3 1 8 4 3 1 7 3 1 2 . . 4 . 2 5 4 . 1 4 1 9 2 1 5 . 6 3 4 . . 1 . 6 3 7 7 3 3 Energy Gun 32 | 1 . 3 1 2 . . 2 . . . . 1 . 1 1 . . . 1 1 3 1 1 1 . 1 2 . . . . . 3 . . 4 2 . Energy Cannon 24 | . . 1 . . . . . . . . . 2 . . 2 4 . . 1 . 2 . . . . 1 . . . . 1 . 1 2 3 2 1 1 Ballistic Gun 31 | 2 . 4 . . 1 6 . 1 1 . . . . . 1 . . . . . 3 1 . 2 . 2 1 3 . . . . 2 1 . . . . Ballistic Cannon 4 | . . . . . . . . . . . . . . . . . . 1 . . 1 . . . . . . . . . . . . . . 1 . 1 Launcher 11 | . . . . 1 . 1 . . 1 . . . . . 1 . . . 1 . . . . . . 1 . 1 . . . . . . 4 . . . Special Weapon 7 | . 1 . 1 . . . . . . . . 1 . . . . . . 1 . . . . 2 . . . . . . . . . . . . . 1 Impact Weapon 3 | . . . 1 . . . 1 . . . . . . 1 . . . . . . . . . . . . . . . . . . . . . . . . Slashing Weapon 2 | . . . 1 . . . . . . . . . . . . . . . . . . . . . . 1 . . . . . . . . . . . . Piercing Weapon . | . . . . . . . . . . . . . . . . . . . . . . . . . . . . . . . . . . . . . . . Special Melee Weapon . | . . . . . . . . . . . . . . . . . . . . . . . . . . . . . . . . . . . . . . . Unidentified Prototypes 53 | . . . . . 1 . 1 . . . . . . . . 1 . . 1 . 2 . . 4 . 7 . 3 . . . 4 . 8 8 9 2 2 Corrupted Parts 9 | . . . . . . . . . . . . . . . . . . . . . . . . 1 . . . 3 2 . . . . . . 3 . . System Corruption 58 | . . . . . . . . . . . . . . . . . . . . . . . . 10 . . . 12 9 . . . . . . 27 . . Parts Lost 76 | . 1 4 . 1 2 . 3 . . . 1 . 4 3 6 6 1 . . 2 7 1 1 . 1 13 3 . . . . . 3 . 4 9 . . Power 10 | . . 1 . . . . . . . . . . 1 . . . . . . . . . . . . 5 . . . . . . 1 . . 2 . . Propulsion 23 | . . 2 . . . . 3 . . . . . 2 1 2 3 1 . . . 2 1 1 . . 4 1 . . . . . . . . . . . Utility 21 | . . . . 1 1 . . . . . 1 . 1 . 1 3 . . . 1 3 . . . 1 2 . . . . . . . . 2 4 . . Weapon 22 | . 1 1 . . 1 . . . . . . . . 2 3 . . . . 1 2 . . . . 2 2 . . . . . 2 . 2 3 . . Highest Loss Streak 7 | . 1 2 . 1 2 . 2 . . . 1 . 4 2 2 4 1 . . 1 3 1 1 . 1 7 1 . . . . . 1 . 2 2 . . To Critical Strikes 1 | . . . . . . . . . . . . . . . . . . . . . . . . . . 1 . . . . . . . . . . . . Average Backups 21 | 5 8 17 18 18 19 18 18 18 23 24 23 23 21 23 23 23 23 25 24 24 24 24 24 23 22 22 22 21 21 22 20 19 18 18 19 22 20 21 Power 1 | . 1 1 . 1 1 1 . . . . . . . . 1 2 2 2 2 1 1 1 1 1 1 1 1 1 1 2 2 2 . . . . 1 1 Propulsion 2 | 3 4 6 1 3 3 2 1 1 1 2 2 3 2 1 3 2 1 1 1 1 1 1 1 . 2 1 1 1 1 1 1 2 2 2 1 2 2 2 Utility 10 | . 1 3 6 6 9 9 9 9 11 11 10 9 8 9 9 8 9 9 12 13 13 14 14 12 11 11 12 12 13 14 11 10 9 9 10 13 11 11 Weapon 6 | 1 1 5 7 5 4 5 6 7 8 9 8 8 8 8 7 8 9 9 6 6 7 7 7 8 7 7 6 5 4 4 4 4 4 5 4 3 3 4 Tool/Special . | . . . . . . . . . . . . . . . . . . . . . . . . . . . . . . . . . . . . . . . Unused Backups 84 | 1 . 7 7 4 6 2 4 1 . . 3 6 . 1 1 1 . . 3 2 5 . . 2 . 1 2 1 1 . 3 4 2 2 1 7 2 2 Power 11 | . . 1 1 . 2 . 1 . . . . . . . . 1 . . . 1 . . . . . . . . . . . 1 . . 1 1 . 1 Propulsion 7 | . . 2 . . 1 . . . . . . . . . . . . . . 1 . . . . . . 1 . . . . . . . . 1 . 1 Utility 38 | 1 . 1 2 2 2 . 3 . . . 1 4 . 1 . . . . 1 . 5 . . 1 . 1 1 1 1 . 3 2 . . . 3 2 . Weapon 22 | . . 3 4 1 1 2 . 1 . . 2 2 . . 1 . . . . . . . . 1 . . . . . . . . 1 2 . 1 . . Tool/Special 6 | . . . . 1 . . . . . . . . . . . . . . 2 . . . . . . . . . . . . 1 1 . . 1 . . Average Slot Usage (%) 92 | . 100 100 99 100 99 99 99 91 92 71 91 92 85 95 99 96 93 93 91 99 94 93 94 99 100 93 88 87 78 77 79 79 83 84 85 78 83 82 Engine 1 | . 14 14 9 2 . . . . . . . . . . . . . . . . . . . . . . . . . . . . . . . . . . Core 4 | . . . . 6 7 7 7 7 7 7 7 6 1 . . . . . . . 5 13 15 15 15 10 . . . . . . 2 4 2 . . . Reactor 3 | . . . . . . . . . . . . . 4 6 6 6 6 6 6 6 . . . 4 5 5 5 5 5 5 4 4 3 7 9 12 12 12 Treads 16 | . 21 14 29 36 30 29 26 15 15 15 15 13 12 18 16 12 13 13 13 14 11 11 14 10 10 14 24 23 15 15 14 14 14 13 13 13 11 12 Wheel 6 | . 6 13 5 . . . 3 7 7 7 7 6 6 3 8 12 12 13 13 11 15 13 10 10 10 7 6 1 . . . . . . . . . . Device 10 | . 14 12 6 8 10 7 7 6 7 7 7 3 6 11 6 6 6 6 8 9 10 15 15 15 12 11 10 12 15 14 16 14 14 13 12 9 17 17 Storage 6 | . 14 14 9 9 7 7 7 7 7 7 7 6 6 6 6 6 6 6 6 6 5 5 5 5 5 4 5 5 5 5 4 4 4 4 4 4 4 4 Processor 8 | . . . 8 . 4 7 7 14 15 15 15 13 7 6 6 2 . . . 5 8 10 10 10 12 11 10 10 10 10 13 14 14 14 17 12 8 8 Hackware 4 | . . . 8 9 7 7 6 . . . . 8 6 6 13 13 13 13 13 8 4 . . . . . . . . . 2 4 4 4 4 4 8 7 Protection 5 | . . 1 2 9 7 7 7 7 7 7 6 6 5 7 6 5 6 6 6 6 6 5 5 5 5 3 5 7 4 5 4 3 4 5 3 3 5 4 Energy Gun 4 | . 5 7 13 17 16 4 . . . . . 12 12 13 9 3 . . . 6 6 6 7 4 5 2 8 2 . . . . . . . 2 4 6 Energy Cannon 4 | . . 4 . . . . . . . . . . 6 3 11 15 19 15 9 6 4 3 2 2 . 1 1 4 4 5 3 3 4 4 6 8 7 8 Ballistic Gun 10 | . 22 14 1 . 4 15 20 23 23 2 23 10 . 8 2 6 6 6 5 6 7 10 10 12 15 12 9 12 15 15 14 14 13 13 9 . . . Peak Build Rating 259 | 9 9 17 29 35 50 53 56 55 59 58 59 78 77 82 81 80 80 83 81 78 102 107 108 131 130 156 143 166 171 172 187 186 185 207 210 219 250 259 Average Rating 103 | 6 8 13 26 30 46 50 52 54 56 41 57 73 73 79 74 75 78 79 74 76 91 102 105 124 129 137 128 150 168 169 184 183 178 196 201 205 230 238 On Entrance 99 | . 8 8 14 27 35 48 53 56 55 58 58 57 77 77 80 76 75 77 78 76 74 99 106 103 130 129 137 121 166 169 169 183 185 178 203 201 219 232 Naked Turns . | . . . . . . . . . . . . . . . . . . . . . . . . . . . . . . . . . . . . . . . Heaviest Build 223 | 12 48 59 60 66 79 85 87 86 128 125 128 135 134 129 125 144 143 143 142 135 140 152 147 160 156 184 172 171 165 165 168 168 167 187 195 208 223 222 Greatest Support 245 | 40 40 40 82 82 90 88 98 28 28 28 28 28 28 120 120 24 24 24 24 82 82 36 24 24 24 169 169 214 240 240 240 240 240 240 240 245 245 245 Greatest Overweight (x) 54 | . 2 5 2 . . 1 5 3 4 4 4 4 4 4 5 5 11 5 5 11 5 11 6 6 6 15 6 6 54 . . . 1 . 1 . . . Average Overweight (x) 2 | . 1 2 . . . . . 3 3 3 3 3 4 2 4 5 5 5 4 5 3 4 5 6 6 6 3 . 16 . . . . . . . . . Largest Inventory Capacity 25 | 8 20 20 20 20 20 20 20 20 25 25 25 25 25 25 25 25 25 25 25 25 25 25 25 25 25 25 25 25 25 25 25 25 25 25 25 25 25 25 Average Capacity 23 | 7 18 20 20 20 20 20 20 20 24 25 25 25 25 25 25 25 25 25 25 25 25 25 25 25 25 25 25 25 25 25 25 25 25 25 25 25 25 25 Most Carried 25 | 8 9 20 20 20 20 20 20 20 25 25 25 25 25 25 25 25 25 25 25 25 25 25 25 25 25 25 25 25 25 25 25 25 25 25 25 25 25 25 Average Carried 23 | 5 8 19 19 19 19 19 19 19 24 25 24 24 21 24 24 23 23 25 24 24 24 24 25 24 24 24 24 24 24 25 24 24 24 24 24 24 24 24 Final Capacity 25 | 8 20 20 20 20 20 20 20 20 25 25 25 25 25 25 25 25 25 25 25 25 25 25 25 25 25 25 25 25 25 25 25 25 25 25 25 25 25 25 Final Carried 25 | 8 8 19 20 20 20 20 20 20 25 25 24 25 21 25 25 25 25 25 25 25 25 25 25 25 25 24 25 25 25 25 25 25 25 25 21 25 25 23 Class Distribution -------------------- 23% | Scavenger-Tank 16% | Scavenger-Gunner 9% | Scavenger-Mutant 8% | Skirmisher 7% | Hacker-Tank 6% | Commander-Tank 6% | Gunner 6% | Mutant 3% | Generator-Gunner 3% | Derelict-Gunner Dominant Class ---------------- Mutant | -10/Materials Mutant | -10/Subcaves Scavenger-Mutant | -8/Materials Scavenger-Mutant | -8/Garrison Scavenger-Gunner | -7/Factory Scavenger-Gunner | -7/Garrison Scavenger-Gunner | -7/Factory Skirmisher | -7/Lower Caves Skirmisher | -7/Lower Caves Mutant | -7/Data Miner Skirmisher | -6/Proximity Caves Gunner | -6/Factory Gunner | -6/Waste Tank | -6/Factory Scavenger-Gunner | -6/Garrison Hacker-Tank | -6/Factory Hacker-Tank | -6/Lower Caves Hacker-Tank | -6/Lower Caves Hacker-Tank | -6/Zion Derelict-Gunner | -5/Proximity Caves Gunner | -5/Factory Scavenger-Gunner | -5/Upper Caves Scavenger-Gunner | -5/Upper Caves Commander-Gunner | -5/Warlord Generator-Gunner | -4/Proximity Caves Scavenger-Gunner | -4/Factory Scavenger-Tank | -4/Extension Commander-Tank | -4/Cetus Commander-Tank | -4/Archives Commander-Tank | -4/Hub_04(d) Scavenger-Tank | -3/Research Scavenger-Tank | -3/Quarantine Scavenger-Tank | -3/Garrison Scavenger-Tank | -2/Research Scavenger-Tank | -2/Testing Scavenger-Tank | -2/Section 7 Scavenger-Tank | -1/Access Scavenger-Tank | -1/Command Resources | -11 -10 -10 -8 -8 -7 -7 -7 -7 -7 -7 -6 -6 -6 -6 -6 -6 -6 -6 -6 -5 -5 -5 -5 -5 -4 -4 -4 -4 -4 -4 -3 -3 -3 -2 -2 -2 -1 -1 ----------- Run | Yrd Mat Sub Mat Gar Fac Gar Fac Low Low Dat Pro Fac Was Fac Gar Fac Low Low Zio Pro Fac Upp Upp War Pro Fac Ext Cet Arc Hub Res Qua Gar Res Tes Sec Acc Com Matter Collected 25024 | 330 145 858 500 373 360 492 1591 243 451 . 411 930 169 685 666 505 400 517 177 714 1700 456 149 204 265 1869 1184 246 189 84 274 1036 1348 423 1361 1906 1484 329 Remotely 5399 | . . . . . . . . . . . . . . . . . . . . . 718 46 16 . . 1328 469 10 . . 70 74 798 . 232 629 919 90 Salvage Created 32342 | 144 144 617 471 970 753 451 1976 129 766 . 373 1271 435 907 993 1017 65 397 . 814 1905 358 146 475 549 2587 1124 114 245 336 96 531 1785 309 2989 2827 2012 1261 Parts 1403 | 15 8 32 33 54 28 25 92 10 37 . 20 74 2 44 33 41 1 12 . 28 49 19 3 16 24 137 42 8 25 8 4 21 95 17 141 98 91 16 Haulers Intercepted 5 | . . . . . 1 . . . . . . . . . . . . . . . . . . . . 2 . . . . . . . 1 . 1 . . Recyclers Shooed 14 | 1 . . . . 1 . . . . . . 2 . . . 1 . . . . 3 . . . . 3 . . . . . . . 1 1 . . 1 Parts Field Recycled . | . . . . . . . . . . . . . . . . . . . . . . . . . . . . . . . . . . . . . . . Retrieved Matter . | . . . . . . . . . . . . . . . . . . . . . . . . . . . . . . . . . . . . . . . Parts Self-Destructed 191 | . . 19 . . . . . 10 32 . 27 . . . . . 4 18 . 31 . 16 2 . 32 . . . . . . . . . . . . . Prevented 3 | . . . . . . . . . 3 . . . . . . . . . . . . . . . . . . . . . . . . . . . . . Kills | -11 -10 -10 -8 -8 -7 -7 -7 -7 -7 -7 -6 -6 -6 -6 -6 -6 -6 -6 -6 -5 -5 -5 -5 -5 -4 -4 -4 -4 -4 -4 -3 -3 -3 -2 -2 -2 -1 -1 ------- Run | Yrd Mat Sub Mat Gar Fac Gar Fac Low Low Dat Pro Fac Was Fac Gar Fac Low Low Zio Pro Fac Upp Upp War Pro Fac Ext Cet Arc Hub Res Qua Gar Res Tes Sec Acc Com Combat Hostiles Destroyed 533 | . 3 15 7 24 11 13 29 4 14 . 8 22 2 13 22 17 3 8 . 10 36 11 1 12 8 45 14 1 . 1 1 7 34 4 45 51 30 7 Melee 12 | . . . 1 . . . 3 . . . . . . . . . . . . . . . . . . . 2 . . . . . . . . 6 . . Guns 280 | . 3 11 6 15 11 11 22 4 13 . 8 22 2 13 4 4 . 2 . 4 18 7 1 . 7 26 9 . . 1 . 4 22 4 15 1 8 2 Cannons 99 | . . 2 . . . . . . . . . . . . 4 8 . 4 . 6 5 2 . 1 . 1 2 . . . . 2 5 . 19 19 14 5 AOE 104 | . . . . 9 . 2 2 . 1 . . . . . 12 4 3 2 . . 10 2 . 11 . 15 1 . . . . . 3 . 7 15 5 . Classes Destroyed 29 | 2 1 3 3 2 3 1 . . 1 . 2 1 1 1 1 . . . . . 2 . . . . 1 . . . . . . . . 4 . . . Worker 10 | . . . . . . . . . . . . . . . . . . . . . 1 . . . . 1 1 . . . . . . . 1 2 4 . Builder 22 | . . . 1 . . . 1 . . . . . . . . 1 . . . . 4 . . . . 7 3 . . . . 1 . . 1 2 1 . Tunneler 7 | 6 . . . . . . . . . . . . . . . . . . . . . . . . . . 1 . . . . . . . . . . . Hauler 5 | . . . . . 1 . . . . . . . . . . . . . . . . . . . . 2 . . . . . . . 1 . 1 . . Recycler 30 | 1 . . . . 3 . 8 . . . . 2 . 2 . 1 . . . . 2 . . . . 1 1 . . 2 . 1 . . 2 2 2 . Minesweeper 1 | . . . . . . . . . . . 1 . . . . . . . . . . . . . . . . . . . . . . . . . . . Mechanic 4 | . . . . . . . . . . . . . . . . . . . . . 1 . . . . 1 . . . . . . . . 1 1 . . Operator 13 | . . . 1 . . . 1 . . . . . . 1 . . . . . . . . . . . . 1 . 7 . . . . . . 1 1 . Drone 2 | . . . . . . . . . . . 1 . . . . . . . . 1 . . . . . . . . . . . . . . . . . . Watcher 16 | . . . 2 . 2 . . . . . . 1 . . 1 1 . . . . . . . . . . 1 1 . . . 1 1 . 1 3 1 . Swarmer 101 | . . 2 . 6 4 2 5 3 2 . 3 6 . 6 4 . . 3 . . 10 6 . . 1 8 . . . . . 3 14 3 4 . 6 . Cutter 5 | . . . . . . 3 . . . . . . . . . . . . . . . . . . . . . . . . . . . . . . . 2 Saboteur 2 | . . . . . . . . . . . . . . . . . . . . . . . . . . . . . . . . . . . 1 1 . . Grunt 171 | . 3 . . 13 5 5 7 1 3 . 3 1 . . 13 8 3 4 . 3 18 1 . 9 3 7 7 . . . . 1 11 . 13 24 5 . Brawler 15 | . . . . 1 . . . . 4 . . . . . . 1 . . . . . . . 2 1 . . . . . . . . . 3 3 . . Duelist 11 | . . . . . 1 . 2 . 1 . 1 . . . 1 . . . . . 1 . . . . . . . . . . . . . 2 2 . . Protector 8 | . . . . . . . . . 1 . . 1 . . 1 . . . . 1 . . . . . 3 . . . . . . . . 1 . . . Sentry 53 | . . 1 7 4 . . 5 . 2 . . 6 . 2 . 2 . 1 . 2 1 1 1 . . 1 4 . . . . . 2 1 . 6 3 1 Demolisher 2 | . . . . . . . . . . . . . . . 1 . . . . 1 . . . . . . . . . . . . . . . . . . Specialist 3 | . . . . . . . . . . . . . . . . . . . . . . . . . . 2 . . . . . . 1 . . . . . Hunter 39 | . . . . . . 3 1 . . . . 2 . 2 1 2 . . . . . . . 1 2 13 . . . 1 . . 2 . 2 6 1 . Programmer 86 | . . . . . 1 . 9 . 1 . . 5 . 2 1 3 . . . 1 6 2 . . 1 10 1 . . . . 3 4 . 16 6 13 1 Heavy 2 | . . . . . . . . . . . . 1 . . . . . . . . . . . . . 1 . . . . . . . . . . . . Q-Series 5 | . . . . . . . . . . . . . . . . . . . . . . . . . . . . . . . . . . . 1 2 2 . Behemoth 6 | . . . . . . . . . . . . . . 1 . 1 . . . 1 . . . . . . 2 . . . 1 . . . . . . . Compactor 2 | . . . . . . . . . . . . . 2 . . . . . . . . . . . . . . . . . . . . . . . . . Cetus Guard 1 | . . . . . . . . . . . . . . . . . . . . . . . . . . . . 1 . . . . . . . . . . S7 Guard 1 | . . . . . . . . . . . . . . . . . . . . . . . . . . . . . . . . . . . . 1 . . Combat Programmer 2 | . . . . . . . . . . . . . . . . . . . . . . . . . . . . . . . . . . . . . . 2 Investigator 1 | . . . . . . . . . . . . . . . . . . . . . . . . . . . . . . . . . . . 1 . . . Striker 2 | . . . . . . . . . . . . . . . . . . . . . . . . . . . . . . . . . . . 2 . . . Subdweller 12 | . . 12 . . . . . . . . . . . . . . . . . . . . . . . . . . . . . . . . . . . . Thug 3 | . . . . 1 . . . . . . . . . . . . . 1 . . . 1 . . . . . . . . . . . . . . . . Guerrilla 1 | . . . . 1 . . . . . . . . . . . . . . . . . . . . . . . . . . . . . . . . . . Best Kill Streak 23 | 4 2 2 2 7 6 5 5 3 7 . 4 4 1 6 9 5 3 3 . 2 11 3 1 12 3 23 7 2 3 3 1 2 6 3 13 8 15 2 Combat Bots Only 15 | . 2 2 2 7 3 5 3 3 7 . 4 4 1 3 9 4 3 3 . 2 10 3 1 12 3 15 5 1 . 1 1 2 6 3 10 6 11 2 Max Kills in Single Turn 10 | 1 1 1 1 3 2 1 2 1 2 . 2 2 1 2 4 2 2 1 . 1 3 2 1 3 1 10 2 1 1 2 1 2 3 2 6 3 7 1 Gunslinging 1 | . . . . . . . . . 1 . 1 1 . 1 . . . . . . . 1 . . . 1 1 . . . . . . 1 . . . . Exploded 8 | . . . . 3 . 1 2 . 1 . . . . . 4 2 2 1 . . 3 1 . 3 . 8 1 . . . . . 3 . 3 3 4 . Melee 1 | . . . 1 . . . 1 . . . . . . . . . . . . . . . . . . . 1 . . . . . . . . 1 . . Uniques/NPCs Destroyed 1 | . . . . . . . . . . . . . . . . . . . . . . . . . . . . . . . . . . . . . . 1 MAIN.C Shell (-1/Command) Combat | -11 -10 -10 -8 -8 -7 -7 -7 -7 -7 -7 -6 -6 -6 -6 -6 -6 -6 -6 -6 -5 -5 -5 -5 -5 -4 -4 -4 -4 -4 -4 -3 -3 -3 -2 -2 -2 -1 -1 -------- Run | Yrd Mat Sub Mat Gar Fac Gar Fac Low Low Dat Pro Fac Was Fac Gar Fac Low Low Zio Pro Fac Upp Upp War Pro Fac Ext Cet Arc Hub Res Qua Gar Res Tes Sec Acc Com Hostile Shots Fired 3401 | . 21 67 37 48 65 45 273 20 60 . 35 208 2 182 76 136 31 27 . 56 179 22 11 5 27 356 91 11 2 44 6 34 202 14 275 510 166 57 Missed 1028 | . 3 20 10 9 15 15 91 3 18 . 9 79 . 65 22 51 10 11 . 24 49 7 3 1 7 114 24 4 1 14 2 13 55 1 80 153 35 10 Intercepted 8 | . . . . . . . . . . . . . . . . . . . . . . . . . . . . . . . . . . . . . . 8 Hits 2373 | . 18 47 27 39 50 30 182 17 42 . 26 129 2 117 54 85 21 16 . 32 130 15 8 4 20 242 67 7 1 30 4 21 147 13 195 357 131 47 Melee 54 | . . . . 2 2 4 11 . 2 . . . 2 . . 2 . . . . . . . . . . . . . . . . . . 18 9 . 2 Projectile 2319 | . 18 47 27 37 48 26 171 17 40 . 26 129 . 117 54 83 21 16 . 32 130 15 8 4 20 242 67 7 1 30 4 21 147 13 177 348 131 45 AOE 10 | . . . . . . . 1 . . . . . . . . . . . . 3 . . . . . . . . . . . . . . 1 . . 5 Critical Strikes 120 | . . . 1 2 3 4 9 . 2 . . . 1 1 6 3 3 . . 2 9 1 . . 2 13 6 3 . 4 . 1 5 . 14 15 7 3 Actively Blocked 8 | . . . . . . . . . . . . . . . . . . . . . . . . . . . . . . . . . . . 3 2 . 3 Part Disruptions 11 | . . . . . . . . . . . . . . . . . 1 . . . . . . . . 2 . . . . . 1 2 . 2 . . 3 Actively Blocked 2 | . . . . . . . . . . . . . . . . . . . . . . . . . . . . . . . . . . . . . . 2 Damage Taken 35684 | . 196 991 403 595 815 356 2190 178 422 . 302 1415 161 1375 938 1456 456 150 . 625 2049 199 179 158 212 3215 897 121 24 596 103 236 1900 159 3527 6727 1121 1237 Core 2424 | . 22 174 42 61 50 27 227 . 15 . . 126 52 153 91 103 . 12 . 81 99 . 36 . 22 187 54 16 12 20 . 33 120 12 207 176 121 73 Absorbed by Shields 11004 | . . . . 89 . 42 . . 112 . 64 . . 134 35 . . . . 37 234 76 39 59 186 1621 827 127 24 374 105 244 1154 168 1664 2031 935 623 Reduced by Siege Mode 376 | . . . . . . . . . . . . . . . . . . . . . . . . . . . . . . . . . 110 . 106 44 59 57 Ignored by Resistances 2628 | . . . . . 12 100 172 81 75 . 67 329 . . . 75 . 17 . 50 77 . . . . 161 . 26 . 70 . . . . . . 1050 266 Regen/Repaired (Parts) 10129 | . . . 216 . . . 762 . . . . 599 . 135 . 310 . . . . 305 . . 99 . 131 . . . . . 231 . 836 536 4686 1283 . Core Remaining (%) 63 | 100 . 21 . 81 . . . . . . 54 . . . . . . . . 27 . . . . 84 . . . . 74 . . 88 . . 18 . 87 Volleys Fired 1627 | 10 16 107 33 47 36 40 69 13 23 . 16 61 12 44 47 58 10 12 . 55 149 19 32 7 14 101 51 6 4 7 7 49 107 16 105 127 79 38 Largest 4 | 2 2 2 2 2 3 3 3 3 3 . 3 4 4 4 4 4 1 4 . 4 4 4 4 4 4 4 4 1 3 4 4 4 4 4 4 4 4 4 Hottest 414 | 40 100 120 120 121 182 152 130 95 98 . 98 173 224 215 315 303 90 257 . 277 255 253 248 203 203 208 258 88 105 195 210 210 215 233 328 342 414 410 Shots Fired 3690 | 20 30 143 54 76 107 83 195 31 65 . 48 169 40 128 113 126 12 38 . 158 278 44 41 10 55 248 138 6 12 19 13 91 256 40 248 232 194 129 Gun 2370 | 20 28 89 54 71 107 80 194 31 63 . 48 153 24 112 51 42 1 10 . 84 136 28 12 4 55 203 123 . 12 12 6 49 177 32 135 32 58 34 Cannon 1176 | . . 20 . . . . . . . . . 15 12 16 48 76 5 26 . 58 137 13 29 . . 38 15 4 . 7 7 42 78 8 109 185 134 94 Launcher 84 | . . . . 5 . 3 1 . 2 . . . 4 . 14 8 6 2 . . 5 3 . . . 7 . 2 . . . . 1 . 4 15 2 . Special 60 | . 2 34 . . . . . . . . . 1 . . . . . . . 16 . . . 6 . . . . . . . . . . . . . 1 Kinetic 1616 | 20 16 47 13 5 30 47 179 31 63 . 48 70 6 56 12 26 1 19 . 59 90 20 6 3 42 152 81 . 12 12 6 49 176 32 132 21 16 18 Thermal 1742 | . 2 96 41 71 77 33 15 . . . . 84 30 56 71 83 5 17 . 99 179 21 35 1 13 66 37 . . 7 7 42 73 8 93 120 160 100 Explosive 73 | . . . . . . 3 1 . . . . . 4 . 14 8 6 2 . . 5 3 . 6 . 4 . . . . . . . . . 15 2 . Electromagnetic 200 | . 12 . . . . . . . 2 . . 14 . 16 16 9 . . . . 4 . . . . 17 . 6 . . . . 6 . 16 56 16 10 Entropic 57 | . . . . . . . . . . . . . . . . . . . . . . . . . . 9 20 . . . . . 1 . 7 20 . . Robot Hit Streak 47 | 10 9 24 16 10 17 11 23 7 11 . 8 20 22 15 21 11 6 5 . 30 36 47 24 9 9 15 26 21 22 6 8 14 27 14 25 26 14 29 Robot Miss Streak 7 | 2 2 1 2 2 3 3 3 6 2 . 2 6 2 4 3 2 1 6 . 7 6 2 1 1 2 5 3 . 1 2 . 2 3 5 3 4 3 3 Penetration Max 2 | . . . . . . 1 1 . 1 . . 1 . 1 . . . . . 1 1 . . . 1 1 2 . . 1 . 1 1 1 1 . . . Secondary Targets 47 | . 1 1 . 2 2 3 . . 6 . 2 3 . 3 . . . . . . 2 1 . . 1 11 4 . . . . . 4 1 . . . . Max Gunslinging Chain 1 | . 1 1 . 1 1 1 . . 1 . 1 1 . 1 . . . . . . 1 1 . . 1 1 1 . . . . . 1 1 . . . . Shots Hit Robots 2338 | 14 20 77 33 49 75 44 157 19 45 . 36 119 35 77 76 76 5 15 . 107 141 21 10 9 38 170 104 4 17 12 5 36 141 24 144 177 104 102 Core Hits 1267 | 10 5 20 14 43 34 26 65 5 29 . 16 86 10 36 53 45 7 11 . 35 81 19 5 28 23 110 46 6 4 10 . 14 66 12 89 107 59 38 Critical Kills 64 | . . 3 1 1 . . 4 . 1 . . . . . . 1 . . . 1 4 . . . 4 12 . . . 2 1 1 15 1 7 3 2 . Critical Parts Destroyed 82 | . . . . 1 . 1 6 . . . 1 1 . 1 3 1 . . . 1 6 . . . 5 19 1 . . . . 3 11 2 16 3 . . Critical Strikes 188 | . . 4 1 5 3 2 10 . 1 . 1 4 . 4 4 3 . . . 6 17 . . 2 10 32 1 . . 2 2 4 27 6 23 11 2 1 Burn 24 | . . . . 3 3 1 . . . . . 3 . 2 1 1 . . . 3 7 . . . . . . . . . . . . . . . . . Meltdown 14 | . . 2 . . . . . . . . . . . . . 1 . . . . 1 . . . . . . . . . 1 1 2 . 1 3 2 . Destroy 124 | . . 2 . 2 . 1 5 . 1 . 1 1 . . . 1 . . . 2 7 . . . 10 31 . . . 2 1 3 25 6 22 1 . . Blast 3 | . . . . . . . . . . . . . . . . . . . . 1 . . . . . . . . . . . . . . . 1 . 1 Corrupt 2 | . . . . . . . . . . . . . . 1 . . . . . . . . . . . . . . . . . . . . . 1 . . Smash 12 | . . . 1 . . . 5 . . . . . . 1 3 . . . . . 2 . . . . . . . . . . . . . . . . . Sever 5 | . . . . . . . . . . . . . . . . . . . . . . . . 2 . . . . . . . . . . . 3 . . Detonate 4 | . . . . . . . . . . . . . . . . . . . . . . . . . . 1 1 . . . . . . . . 2 . . Melee Attacks 248 | . . . 19 10 10 19 56 . . . . 18 . 4 28 . . . . . 10 . . . . . 13 4 7 . . 6 4 . . 40 . . Impact 162 | . . . 14 3 10 19 56 . . . . 18 . 4 28 . . . . . 10 . . . . . . . . . . . . . . . . . Slashing 86 | . . . 5 7 . . . . . . . . . . . . . . . . . . . . . . 13 4 7 . . 6 4 . . 40 . . Piercing . | . . . . . . . . . . . . . . . . . . . . . . . . . . . . . . . . . . . . . . . Sneak Attacks 29 | . . . 1 . . . 6 . . . . 2 . 2 . . . . . . 3 . . . . . 3 . 7 . . 2 . . . 3 . . Combat Hostiles 2 | . . . . . . . . . . . . . . . . . . . . . . . . . . . 1 . . . . . . . . 1 . . Follow-up Attacks 3 | . . . . . . . 2 . . . . . . . 1 . . . . . . . . . . . . . . . . . . . . . . . Damage Inflicted 93637 | 153 324 1581 807 1634 1379 1065 4567 304 1355 . 844 2784 1271 1800 3491 3467 589 871 . 2169 5591 874 277 2341 731 8425 3988 418 1265 458 155 1406 4910 640 8926 13827 5568 3382 Guns 38649 | 153 245 1086 607 931 1379 837 3338 304 1111 . 844 2446 517 1540 815 695 . 123 . 1191 2368 457 210 66 731 3624 3043 . 289 376 79 758 2754 481 1898 1018 1500 835 Cannons 21463 | . . 495 . . . . . . . . . 32 288 70 551 1539 . 472 . 880 1479 136 67 . . 391 181 122 . 71 76 388 1374 159 2803 4775 2591 2523 Explosions 27253 | . 79 . . 691 . 222 87 . 244 . . 113 466 . 1646 1233 589 276 . . 1403 281 . 2094 . 4410 267 296 . . . . 746 . 4161 6478 1471 . Melee 5644 | . . . 200 . . . 1100 . . . . 193 . 190 479 . . . . . 332 . . . . . 497 . 976 . . 226 . . . 1451 . . Ramming 349 | . . . . 12 . 6 42 . . . . . . . . . . . . . 9 . . . . . . . . 11 . 34 36 . 64 105 6 24 Kinetic 24937 | 153 127 524 124 691 384 458 3059 304 1111 . 844 989 128 748 158 427 . 283 . 804 1502 198 66 37 411 2092 1383 . 289 376 79 758 2754 481 1755 435 356 649 Thermal 29948 | . 79 1057 483 931 995 379 279 . 86 . . 1230 677 644 973 1533 . 312 . 1365 2295 395 211 29 320 1559 1167 . . 71 76 388 1182 159 2281 3099 3254 2439 Explosive 16896 | . . . . . . 222 87 . . . . 113 466 . 1646 1233 589 276 . . 1381 281 . 2094 . 635 . . . . . . . . 242 6160 1471 . Electromagnetic 5296 | . 118 . . . . . . . 158 . . 259 . 218 235 274 . . . . 72 . . . . 355 . 418 . . . . 192 . 522 1724 481 270 Impact 2385 | . . . 91 . . . 1100 . . . . 193 . 190 479 . . . . . 332 . . . . . . . . . . . . . . . . . Slashing 3440 | . . . 109 . . . . . . . . . . . . . . . . . . . . 181 . . 497 . 976 . . 226 . . . 1451 . . Piercing . | . . . . . . . . . . . . . . . . . . . . . . . . . . . . . . . . . . . . . . . Entropic 10386 | . . . . . . . . . . . . . . . . . . . . . . . . . . 3784 941 . . . . . 746 . 4062 853 . . Highest Corruption 47 | . 1 1 . . . . 3 . 1 1 1 . 10 10 5 16 16 11 11 . 3 . . 10 . 5 6 18 18 6 1 7 10 . 12 47 4 2 Average Corruption 5 | . 1 1 . . . . 1 . 1 1 1 . 7 3 4 13 10 11 11 . 2 . . 10 . 2 5 12 11 5 1 5 9 . 9 18 2 1 Corruption Purged 71 | . . . . . . . 3 . . . . . . 15 5 . 7 . . . 3 . . . . . . . 27 . . . . . . 3 8 . Corruption Blocked . | . . . . . . . . . . . . . . . . . . . . . . . . . . . . . . . . . . . . . . . Effects 662 | . 3 28 . . . . 11 . 9 . 13 . 6 29 16 27 66 59 2 . 23 . . 1 . 10 46 21 11 . 4 28 61 . 82 91 15 . Message Errors 157 | . . 6 . . . . 2 . . . 5 . 2 4 3 8 19 13 2 . 7 . . . . 1 12 6 1 . . 8 20 . 20 16 2 . Matter Fused 146 | . 2 6 . . . . 4 . 3 . 5 . . 4 6 6 14 14 . . 1 . . . . 3 8 5 2 . . 6 11 . 22 19 5 . Heat Flow Errors 77 | . . 3 . . . . 3 . 1 . . . 1 8 2 3 6 7 . . 4 . . 1 . . 4 3 1 . 2 3 6 . 7 10 2 . Energy Discharges 88 | . . 6 . . . . . . 2 . 2 . 1 4 3 3 13 9 . . 3 . . . . 2 6 3 2 . 2 3 5 . 10 8 1 . Parts Rejected 12 | . . . . . . . . . . . . . . 1 . . . . . . . . . . . . 2 1 . . . . . . 2 4 2 . Parts Fused 7 | . . 1 . . . . . . . . . . . . . . . 1 . . . . . . . . 2 . . . . . 1 . . 2 . . Data Loss (minor) 77 | . 1 4 . . . . 1 . 1 . 1 . . 4 . 3 10 7 . . 5 . . . . 2 5 2 2 . . 3 5 . 8 13 . . Data Loss (major) 23 | . . . . . . . . . 2 . . . 1 . . 1 1 3 . . 1 . . . . . 2 . . . . 2 2 . 4 3 1 . Misfires 25 | . . . . . . . . . . . . . 1 3 1 1 2 5 . . . . . . . . 2 . 1 . . 1 2 . 2 4 . . Alerts 22 | . . 1 . . . . 1 . . . . . . 1 1 . . . . . . . . . . . 2 1 1 . . 2 1 . 5 4 2 . Misdirections 3 | . . . . . . . . . . . . . . . . 1 1 . . . . . . . . . . . . . . . . . . 1 . . Weapon Failures 25 | . . 1 . . . . . . . . . . . . . 1 . . . . 2 . . . . 2 1 . 1 . . . 8 . 2 7 . . Overload Shots 1 | . . . . . . . . . . . . 1 . . . . . . . . . . . . . . . . . . . . . . . . . . Overflow Damage 3817 | . 12 . . 19 . 38 292 . . . . 133 . 160 203 67 . 14 . 38 401 . . 70 . 288 67 . 345 . . 132 159 . 330 541 481 27 Projectiles 677 | . . . . . . . . . . . . . . . 22 47 . 12 . 38 114 . . . . . . . . . . 6 45 . 83 115 168 27 Explosions 1402 | . 12 . . 19 . 38 . . . . . . . . 20 20 . 2 . . 25 . . 70 . 288 . . . . . . 114 . 219 262 313 . Melee 1738 | . . . . . . . 292 . . . . 133 . 160 161 . . . . . 262 . . . . . 67 . 345 . . 126 . . 28 164 . . Knockbacks 28 | . . . . . . . . . . . . 1 . . . . . . . 1 9 . . . . . . . . . . 1 . . 1 6 5 4 Impact 8 | . . . . . . . . . . . . 1 . . . . . . . . 3 . . . . . . . . . . 1 . . 1 2 . . Kinetic 17 | . . . . . . . . . . . . . . . . . . . . 1 5 . . . . . . . . . . . . . . 3 4 4 Secondary 3 | . . . . . . . . . . . . . . . . . . . . . 1 . . . . . . . . . . . . . . 1 1 . Self-Inflicted Damage 1202 | . . . . 90 . 9 . . 23 . . 121 53 . 39 101 75 . . . . . . . . . . . . . . . . . . 691 . . Shots 26 | . . . . 3 . 1 . . 1 . . 2 2 . 2 6 2 . . . . . . . . . . . . . . . . . . 7 . . Rammed 19 | . . . . 2 . 1 3 . . . . . . . . . . . . . 2 . . . . . . . . 1 . 2 3 . 1 2 1 1 Targets Rammed 20 | . . . . 2 . 1 3 . . . . . . . . . . . . . 2 . . . . . . . . 1 . 2 3 . 2 2 1 1 Kicked . | . . . . . . . . . . . . . . . . . . . . . . . . . . . . . . . . . . . . . . . Crushed 1 | . . . . . . . . . . . . . . . . . . . . . . . . . . . . . . . . . . . 1 . . . Highest Temperature 468 | . 60 279 307 248 309 90 203 283 277 . 168 237 247 259 217 468 262 245 . 312 407 336 393 234 401 453 386 207 70 156 230 232 235 445 404 297 235 273 Average Temperature 95 | . 28 43 87 57 92 20 46 136 81 . 60 53 114 80 81 138 84 74 . 97 92 104 87 90 136 101 113 94 53 81 73 111 78 154 77 109 148 168 Received Heat Transfer 5086 | . 108 129 99 223 108 51 444 9 115 . 90 204 . 93 361 555 108 33 . 81 486 12 30 20 38 132 87 4 . . 12 10 183 20 169 871 149 52 Effects 39 | . . . 2 . 1 . . 6 3 . . 1 1 . . 2 . . . . 1 . 1 . 1 7 2 1 . . . . . 5 . . 4 1 Shutdowns 3 | . . . . . . . . . . . . . . . . . . . . . 1 . . . . 1 1 . . . . . . . . . . . Energy Bleed 11 | . . . 2 . . . . 1 . . . 1 . . . 1 . . . . . . 1 . . 1 . 1 . . . . . 2 . . . 1 Interference 20 | . . . . . 1 . . 5 3 . . . 1 . . . . . . . . . . . . 3 . . . . . . . 3 . . 4 . Matter Decay 3 | . . . . . . . . . . . . . . . . . . . . . . . . . 1 2 . . . . . . . . . . . . Short Circuit 1 | . . . . . . . . . . . . . . . . 1 . . . . . . . . . . . . . . . . . . . . . . Damage (minor) 1 | . . . . . . . . . . . . . . . . . . . . . . . . . . . 1 . . . . . . . . . . . Siege Activations 30 | . . . . . . . . . . . . . . . . . . . . . . . . . . . . . . . 1 1 8 . 9 3 6 2 Total Turns 427 | . . . . . . . . . . . . . . . . . . . . . . . . . . . . . . . 3 1 102 . 135 30 90 66 Longest Duration 61 | . . . . . . . . . . . . . . . . . . . . . . . . . . . . . . . 3 1 26 . 24 16 37 61 Martial Activations . | . . . . . . . . . . . . . . . . . . . . . . . . . . . . . . . . . . . . . . . Shielding Activations . | . . . . . . . . . . . . . . . . . . . . . . . . . . . . . . . . . . . . . . . Robots Disrupted 1 | . . . . . . . . . . . . . . . . . . . . . 1 . . . . . . . . . . . . . . . . . Combat Hostiles . | . . . . . . . . . . . . . . . . . . . . . . . . . . . . . . . . . . . . . . . Robots Corrupted 29 | . . . . . . . 2 . . . . 1 . 1 2 . . . . . 4 . . . . 3 . 1 . . . . 2 . 4 9 . . Combat Hostiles 22 | . . . . . . . 2 . . . . . . . 2 . . . . . 1 . . . . 3 . 1 . . . . 2 . 3 8 . . Parts Fried 65 | . . . . . . . 8 . . . . 4 . 2 2 3 . . . . 15 . . . . 6 . . . . . . 1 . 5 17 1 1 Impact Corruptions 40 | . . . . . . . 11 . . . . 3 . 3 9 . . . . . 11 . . . . . . . . . . . . . 1 2 . . Robots Melted 18 | . . 2 . . . . . . . . . . . . . 1 . . . 1 2 . . . 1 . . . . . 1 1 2 . 1 3 3 . Combat Hostiles 16 | . . 2 . . . . . . . . . . . . . 1 . . . . 2 . . . 1 . . . . . 1 1 2 . 1 2 3 . Parts Melted 107 | . . 4 . 3 4 2 2 . . . . 4 . . 7 3 . 2 . 5 7 2 . . 2 4 2 . . . 1 2 7 . 7 7 29 1 Heat Transferred 38056 | . 100 1341 575 1566 2282 888 349 . 51 . . 1787 985 1167 1723 1971 . 333 . 2670 4235 573 349 50 513 2249 1532 . . 74 74 333 1184 148 1720 2753 3108 1373 Parts Sabotaged 1 | . . . . . . . . . . . . . . . . . . . . . . . . . . . . . . . . . . . . 1 . . Parts Stolen . | . . . . . . . . . . . . . . . . . . . . . . . . . . . . . . . . . . . . . . . Parts Stripped . | . . . . . . . . . . . . . . . . . . . . . . . . . . . . . . . . . . . . . . . Power Chain Reactions 3 | . 1 . . . . . . . 1 . . . . . . . . . . . . . . . . . . . . . . . . . . 1 . . Alert | -11 -10 -10 -8 -8 -7 -7 -7 -7 -7 -7 -6 -6 -6 -6 -6 -6 -6 -6 -6 -5 -5 -5 -5 -5 -4 -4 -4 -4 -4 -4 -3 -3 -3 -2 -2 -2 -1 -1 ------- Run | Yrd Mat Sub Mat Gar Fac Gar Fac Low Low Dat Pro Fac Was Fac Gar Fac Low Low Zio Pro Fac Upp Upp War Pro Fac Ext Cet Arc Hub Res Qua Gar Res Tes Sec Acc Com Maximum Alert Level 5 | . . . . 3 2 3 3 . . . . 2 1 . 4 4 . . . . 3 . . . . 3 2 2 1 3 1 . 5 3 3 5 4 3 Low Security (%) 34 | 100 100 . 100 15 . 3 . . . . . 62 96 100 11 . . . . . . . . . . 53 26 . 94 78 82 100 14 . 11 . . . Level 1 19 | . . . . 9 70 17 41 . . . . 21 3 . 11 . . . . . 27 . . . . 16 51 80 5 . 17 . 10 . 53 . . . Level 2 20 | . . . . 61 29 18 42 . . . . 15 . . 11 20 . . . . 61 . . . . 6 22 19 . 18 . . 18 63 13 41 . . Level 3 16 | . . . . 13 . 60 16 . . . . . . . 46 33 . . . . 10 . . . . 24 . . . 2 . . 17 36 21 24 13 100 Level 4 7 | . . . . . . . . . . . . . . . 18 46 . . . . . . . . . . . . . . . . 32 . . 10 86 . Level 5 1 | . . . . . . . . . . . . . . . . . . . . . . . . . . . . . . . . . 7 . . 23 . . High Security . | . . . . . . . . . . . . . . . . . . . . . . . . . . . . . . . . . . . . . . . Max Security . | . . . . . . . . . . . . . . . . . . . . . . . . . . . . . . . . . . . . . . . Peak Influence 1881 | 10 53 . 54 860 467 1057 860 . . . . 562 207 123 1231 1206 . . . . 917 . . . . 1024 493 455 228 739 306 68 1668 944 1054 1881 1559 974 Initial 1127 | . 3 . 26 27 451 189 554 . . . . 169 196 61 80 646 . . . . 917 . . . . . 493 259 128 . 306 9 14 938 331 566 1127 969 Average 452 | 1 7 . 15 477 347 684 498 . . . . 176 141 35 712 998 . . . . 534 . . . . 357 284 363 28 224 99 19 860 667 457 1015 1325 869 Influence Increases 24442 | 35 115 70 341 993 520 1058 1183 80 300 . 259 1115 22 480 1231 990 70 336 . 236 2342 285 40 548 262 1586 790 384 270 913 79 336 1684 182 1755 2177 1136 239 Destroy 0b10 Robot/C 11660 | . 60 60 140 520 280 420 600 80 260 . 200 480 . 260 480 400 60 260 . 180 780 220 20 400 200 840 460 160 80 180 20 140 680 80 900 1020 600 140 Destroy 0b10 Robot/NC 685 | 35 . . 20 . 30 . 55 . 5 . 15 20 . 15 20 15 . . . 25 40 . 5 15 . 75 45 10 35 40 . 15 5 5 35 60 45 . Destroy Leader 1932 | . 20 10 74 20 36 30 202 . 20 . 30 162 . 80 50 122 10 30 . 30 120 20 . . 40 164 44 . . 32 10 32 50 22 142 198 102 30 Allied During Kill 1044 | . . . . 32 17 72 5 . . . 14 . . . 13 18 . 31 . 1 . . . 133 22 . 175 170 115 222 . . . . 4 . . . Trap Triggered on 0b10 30 | . . . . . . . . . . . . . . . . . . . . . 10 . . . . . 10 . . . 10 . . . . . . . Successful Hack 847 | . . . 28 12 69 18 117 . . . . 82 . 32 8 60 . . . . 36 . . . . 48 12 . . 4 29 48 22 . 86 56 80 . Select Force Hacks 30 | . 30 . . . . . . . . . . . . . . . . . . . . . . . . . . . . . . . . . . . . . Disable Machine 1320 | . . . 15 15 . 30 75 . . . . 120 . 60 45 90 . . . . 135 . . . . 90 . . 30 165 . 45 60 . 120 195 30 . Anti-Garrison Action 1600 | . . . . 350 . 350 . . . . . . . . 350 150 . . . . . . . . . . . . . . . . 400 . . . . . Destroy Structure 3179 | . 5 . 19 29 13 123 114 . . . . 86 22 18 130 75 . . . . 276 . . . . 354 44 44 10 270 10 56 302 60 318 573 204 24 Advance Influence 1050 | . . . . . . . . . . . . 150 . . . . . . . . 900 . . . . . . . . . . . . . . . . . Partial Spotted 60 | . . . . . . . 15 . . . . . . . . . . . . . . . . . . . . . . . . . 15 . 15 15 . . Lose Combat Pursuer 1005 | . . . 45 15 75 15 . . 15 . . 15 . 15 135 60 . 15 . . 45 45 15 . . 15 . . . . . . 150 15 135 60 75 45 Influence Decreases 23662 | 30 114 24 351 175 1109 272 1383 874 359 4 227 586 495 453 115 1063 985 579 . 208 1709 786 200 64 746 578 1335 526 591 330 644 335 35 1260 1338 1305 1499 975 Entered New Map 7581 | . 2 4 26 15 409 82 503 318 13 4 . 13 365 27 35 585 429 47 . . 11 246 31 . 484 . 515 204 193 . 277 9 5 730 259 441 752 547 Time Decay 12319 | 30 112 20 325 . 490 . 710 546 346 . 178 563 90 406 . 398 546 512 . 183 688 510 169 44 224 438 580 262 318 110 337 326 . 530 699 624 577 428 Search Patrol Dispatched 300 | . . . . . . . . . . . . . . . . . . . . . 300 . . . . . . . . . . . . . . . . . Lost Part 674 | . . . . 10 20 . 30 . . . 9 . 40 20 60 60 10 . . 5 70 10 . . 10 130 30 . . . . . 30 . 40 90 . . Lost Ally 988 | . . . . . 40 40 140 10 . . 40 10 . . 20 20 . 20 . 20 40 20 . 20 28 10 60 60 80 220 30 . . . 40 . 20 . Purge Threat 1800 | . . . . 150 150 150 . . . . . . . . . . . . . . 600 . . . . . 150 . . . . . . . 300 150 150 . Squads Dispatched 135 | . 4 . 1 . 2 . 11 . 1 . . 14 . 6 . 9 . . . . 16 . . . . 8 3 . . 3 6 3 . 1 12 17 12 6 Investigation 13 | . 1 . . . . . . . . . . 2 . 2 . 2 . . . . 3 . . . . . . . . . 3 . . . . . . . Extermination 49 | . . . . . 2 . 6 . . . . 6 . 3 . 2 . . . . 5 . . . . 2 . . . 1 . 3 . . 7 4 5 3 Reinforcement 33 | . 3 . 1 . . . 1 . . . . 1 . . . 1 . . . . 2 . . . . 5 2 . . 2 3 . . 1 2 5 1 3 Assault 23 | . . . . . . . 1 . 1 . . 2 . . . 3 . . . . . . . . . 1 1 . . . . . . . 3 8 3 . Garrison 17 | . . . . . . . 3 . . . . 3 . 1 . 1 . . . . 6 . . . . . . . . . . . . . . . 3 . Intercept . | . . . . . . . . . . . . . . . . . . . . . . . . . . . . . . . . . . . . . . . Searches Triggered 2 | . . . . . . . . . . . . . . . . . . . . . 2 . . . . . . . . . . . . . . . . . Data Miner Redirects 10 | . . . . . . . . . . . . 2 . . . 1 . . . . . . . . . 1 1 . . . . . . . . 4 1 . Construction Impeded 7 | . . . . . . . 1 . . . . . . . . . . . . . . . . . . 4 1 . . 1 . . . . . . . . Haulers Reinforced 2 | . . . . . . . . . . . . . . . . . . . . . . . . . . . . . . . . . . . . 1 1 . Active Scanning Responses . | . . . . . . . . . . . . . . . . . . . . . . . . . . . . . . . . . . . . . . . Cargo Convoy Interrupts 2 | . . . . . . . . . . . . 1 . . . . . . . . . . . . . 1 . . . . . . . . . . . . Stealth | -11 -10 -10 -8 -8 -7 -7 -7 -7 -7 -7 -6 -6 -6 -6 -6 -6 -6 -6 -6 -5 -5 -5 -5 -5 -4 -4 -4 -4 -4 -4 -3 -3 -3 -2 -2 -2 -1 -1 --------- Run | Yrd Mat Sub Mat Gar Fac Gar Fac Low Low Dat Pro Fac Was Fac Gar Fac Low Low Zio Pro Fac Upp Upp War Pro Fac Ext Cet Arc Hub Res Qua Gar Res Tes Sec Acc Com Distress Signals 111 | . 2 . 1 . . . 1 . . . . 1 . . . 1 . . . 55 5 . . . . 1 . 2 . 4 8 . . 7 3 2 1 17 Communications Jammed 322 | . . . . . . . . . . . . . . . . . . . . . . . . . . . . . . . . . . 215 18 40 10 39 Distress Signals 315 | . . . . . . . . . . . . . . . . . . . . . . . . . . . . . . . . . . 215 18 40 10 32 Times Spotted 839 | . 3 14 13 30 23 19 36 4 15 . 10 39 2 20 27 32 4 11 . 12 57 14 2 42 13 53 29 10 4 20 5 10 44 12 60 77 45 28 Peak Tracking Total 12 | . 2 2 3 7 5 5 5 3 7 . 3 3 2 4 5 8 3 4 . 2 9 5 1 11 4 12 5 5 1 9 4 2 5 7 11 11 5 6 Tactical Retreats 48 | . . . 1 1 3 1 . . 1 . . 1 . 1 7 2 . 1 . . 3 1 1 . . 1 . . . . . . 8 1 6 3 2 3 Traps | -11 -10 -10 -8 -8 -7 -7 -7 -7 -7 -7 -6 -6 -6 -6 -6 -6 -6 -6 -6 -5 -5 -5 -5 -5 -4 -4 -4 -4 -4 -4 -3 -3 -3 -2 -2 -2 -1 -1 ------- Run | Yrd Mat Sub Mat Gar Fac Gar Fac Low Low Dat Pro Fac Was Fac Gar Fac Low Low Zio Pro Fac Upp Upp War Pro Fac Ext Cet Arc Hub Res Qua Gar Res Tes Sec Acc Com Traps Triggered 32 | . 1 1 1 2 . 1 1 . . . . 5 . 4 3 1 . . . 1 1 . . . . . 1 . . . 1 2 1 . 2 . 2 1 Indirectly . | . . . . . . . . . . . . . . . . . . . . . . . . . . . . . . . . . . . . . . . Trap Hack Attempts . | . . . . . . . . . . . . . . . . . . . . . . . . . . . . . . . . . . . . . . . Triggered . | . . . . . . . . . . . . . . . . . . . . . . . . . . . . . . . . . . . . . . . Disarmed . | . . . . . . . . . . . . . . . . . . . . . . . . . . . . . . . . . . . . . . . Reprogrammed . | . . . . . . . . . . . . . . . . . . . . . . . . . . . . . . . . . . . . . . . Reused 2 | . . . . . . . . . . . . . . . . . . . . . . . . . . . 1 . . . 1 . . . . . . . Traps Extracted 2 | . . . . . . . . . . . 2 . . . . . . . . . . . . . . . . . . . . . . . . . . . Installed 12 | . . . . . . . . . . . 6 . . . . . . . . . . . . . . . 3 . . . 3 . . . . . . . Triggered 3 | . . . . . . . . . . . . . . . . . . . . . 1 . . . . . 1 . . . 1 . . . . . . . Most Traps Carried 6 | . . 1 1 1 . . . . . . 6 6 6 6 6 6 6 6 6 6 6 6 6 6 6 6 6 3 3 3 3 . . . . . . . Machines | -11 -10 -10 -8 -8 -7 -7 -7 -7 -7 -7 -6 -6 -6 -6 -6 -6 -6 -6 -6 -5 -5 -5 -5 -5 -4 -4 -4 -4 -4 -4 -3 -3 -3 -2 -2 -2 -1 -1 ---------- Run | Yrd Mat Sub Mat Gar Fac Gar Fac Low Low Dat Pro Fac Was Fac Gar Fac Low Low Zio Pro Fac Upp Upp War Pro Fac Ext Cet Arc Hub Res Qua Gar Res Tes Sec Acc Com Machines Disabled 117 | . . 1 1 6 . 8 5 . . . . 8 . 4 8 7 . . . . 9 . . . . 6 2 . 2 11 . 3 12 . 9 13 2 . Max in Single Turn 3 | . . 1 1 1 . 2 1 . . . . 3 . 1 2 1 . . . . 1 . . . . 2 1 . . . . 1 2 . 1 2 1 . Garrison Access 8 | . . . . . . . 2 . . . . 2 . . . 1 . . . . 1 . . . . . . . . . . . . 1 1 . . . Garrison Relay 16 | . . . . 5 . 4 . . . . . . . . 3 . . . . . . . . . . . . . . . . . 4 . . . . . Phase Generator 3 | . . . . . . 1 . . . . . . . . 1 . . . . . . . . . . . . . . . . . 1 . . . . . Network Hub 1 | . . . . . . . . . . . . . . . . . . . . . . . . . . . . . . 1 . . . . . . . . Machines Repaired . | . . . . . . . . . . . . . . . . . . . . . . . . . . . . . . . . . . . . . . . Machines Dismantled . | . . . . . . . . . . . . . . . . . . . . . . . . . . . . . . . . . . . . . . . Machines Sabotaged . | . . . . . . . . . . . . . . . . . . . . . . . . . . . . . . . . . . . . . . . Overloaded Fab Kills . | . . . . . . . . . . . . . . . . . . . . . . . . . . . . . . . . . . . . . . . Hacking | -11 -10 -10 -8 -8 -7 -7 -7 -7 -7 -7 -6 -6 -6 -6 -6 -6 -6 -6 -6 -5 -5 -5 -5 -5 -4 -4 -4 -4 -4 -4 -3 -3 -3 -2 -2 -2 -1 -1 --------- Run | Yrd Mat Sub Mat Gar Fac Gar Fac Low Low Dat Pro Fac Was Fac Gar Fac Low Low Zio Pro Fac Upp Upp War Pro Fac Ext Cet Arc Hub Res Qua Gar Res Tes Sec Acc Com Machines Accessed 151 | . 3 2 8 4 10 4 23 1 . 3 . 19 . 9 3 7 . 1 . . 14 . . 2 . 5 1 . . 1 4 5 1 . 8 8 4 1 Terminals 70 | . 2 . 5 4 5 4 10 . . . . 8 . 1 3 4 . . . . 1 . . . . 1 . . . 1 2 1 1 . 6 7 3 1 Fabricators 19 | . . . . . 3 . 3 . . . . 4 . 2 . 1 . . . . 4 . . . . 1 . . . . 1 . . . . . . . Repair Stations 16 | . . . 1 . . . 4 . . . . 1 . 1 . 2 . . . . 3 . . . . 1 . . . . . 1 . . 1 . 1 . Recycling Units 10 | . 1 . . . . . 2 . . . . 1 . 3 . . . . . . 2 . . . . . 1 . . . . . . . . . . . Scanalyzers 15 | . . . 1 . 1 . 1 . . . . 2 . . . . . . . . 3 . . . . 2 . . . . 1 2 . . 1 1 . . Garrison Access 12 | . . . 1 . 1 . 3 . . . . 3 . 2 . . . . . . 1 . . . . . . . . . . 1 . . . . . . Total Hacks 507 | . 6 5 37 6 31 7 63 1 . 22 . 44 . 25 9 19 . 6 . . 50 . . 5 . 22 2 . . 4 22 21 5 . 29 43 21 2 Successful 289 | . 4 5 28 3 20 4 43 1 . 22 . 20 . 9 2 11 . 6 . . 27 . . 5 . 12 1 . . 1 11 10 2 . 16 14 11 1 Failed 218 | . 2 . 9 3 11 3 20 . . . . 24 . 16 7 8 . . . . 23 . . . . 10 1 . . 3 11 11 3 . 13 29 10 1 Catastrophic 32 | . . . 1 1 1 1 2 . . . . 3 . 3 1 1 . . . . 1 . . . . 1 . . . . 2 4 . . 3 7 . . Database Lockouts . | . . . . . . . . . . . . . . . . . . . . . . . . . . . . . . . . . . . . . . . Manual 194 | . 5 . 12 1 16 2 31 . . . . 24 . 10 3 9 . . . . 22 . . 1 . 3 2 1 . 4 8 5 2 . 9 13 9 2 Terminals 238 | . 5 . 18 6 18 7 26 . . . . 25 . 4 9 11 . . . . 4 . . . . 2 . . . 4 10 10 5 . 19 36 17 2 Fabricators 57 | . . . . . 9 . 9 . . . . 7 . 7 . 3 . . . . 15 . . . . 5 . . . . 2 . . . . . . . Repair Stations 58 | . . . 7 . . . 19 . . . . 1 . 3 . 5 . . . . 7 . . . . 5 . . . . . 2 . . 5 . 4 . Recycling Units 22 | . 1 . . . . . 3 . . . . 2 . 5 . . . . . . 9 . . . . . 2 . . . . . . . . . . . Scanalyzers 73 | . . . 11 . 3 . 2 . . . . 4 . . . . . . . . 13 . . . . 10 . . . . 10 8 . . 5 7 . . Garrison Access 20 | . . . 1 . 1 . 4 . . . . 5 . 6 . . . . . . 2 . . . . . . . . . . 1 . . . . . . Terminal Hacks 101 | . 2 5 4 3 3 4 4 1 . 22 . 5 . 1 2 4 . 6 . . 2 . . 5 . 1 . . . . . 2 2 . 8 8 6 1 Record 16 | . . 4 . . . . . . . 6 . . . . . . . 6 . . . . . . . . . . . . . . . . . . . . Part Schematic 8 | . . . . . . . . . . 8 . . . . . . . . . . . . . . . . . . . . . . . . . . . . Robot Schematic 6 | . . . . . . . 1 . . 5 . . . . . . . . . . . . . . . . . . . . . . . . . . . . Robot Analysis 1 | . 1 . . . . . . . . . . . . . . . . . . . . . . . . . . . . . . . . . . . . . Prototype ID Bank 12 | . . . 1 . . . . . . 3 . 2 . . . . . . . . . . . 4 . 1 . . . . . . . . . 1 . . Open Door 5 | . . . . 1 . 1 . 1 . . . . . . . . . . . . . . . 1 . . . . . . . . . . . . . 1 Branch Access Points 5 | . . . 1 . 1 . 1 . . . . . . . . 1 . . . . . . . . . . . . . . . . . . . . 1 . Emergency Access Points 3 | . . . . . . 1 . . . . . . . . . . . . . . . . . . . . . . . . . . 1 . . 1 . . Machine Index 2 | . . . . . . . 1 . . . . 1 . . . . . . . . . . . . . . . . . . . . . . . . . . Garrison Index 1 | . . . . . . . . . . . . . . 1 . . . . . . . . . . . . . . . . . . . . . . . . Alert Level 8 | . . . . . 1 . . . . . . 1 . . . 1 . . . . 1 . . . . . . . . . . . . . 1 2 1 . Unreport Threat 8 | . . . . 1 1 1 . . . . . . . . . . . . . . 1 . . . . . . . . . . . . . 2 1 1 . Locate Traps 8 | . 1 . 1 . . . 1 . . . . . . . . 1 . . . . . . . . . . . . . . . . . . 2 1 1 . Extermination Status 1 | . . . . . . . . . . . . . . . . . . . . . . . . . . . . . . . . . . . . . 1 . Recall Extermination 1 | . . . . . . . . . . . . . . . . . . . . . . . . . . . . . . . . 1 . . . . . . Registered Components 1 | . . . . . . . . . . . . . . . . . . . . . . . . . . . . . . . . . . . . . 1 . Zone Layout 8 | . . . 1 . . . . . . . . 1 . . . 1 . . . . . . . . . . . . . . . 1 . . 2 2 . . Garrison Registry 4 | . . . . 1 . 1 . . . . . . . . 1 . . . . . . . . . . . . . . . . . 1 . . . . . Security Stations 1 | . . . . . . . . . . . . . . . 1 . . . . . . . . . . . . . . . . . . . . . . . Proto ID Catalog 1 | . . 1 . . . . . . . . . . . . . . . . . . . . . . . . . . . . . . . . . . . . Protovariant Controls 1 | . . . . . . . . . . . . . . . . . . . . . . . . . . . . . . . . . . . 1 . . . Fabricator Hacks 17 | . . . . . 2 . 2 . . . . 2 . 2 . 1 . . . . 4 . . . . 2 . . . . 2 . . . . . . . Network Status 8 | . . . . . 1 . 1 . . . . 2 . 1 . 1 . . . . 1 . . . . 1 . . . . . . . . . . . . Load Schematic 5 | . . . . . . . . . . . . . . 1 . . . . . . 3 . . . . . . . . . 1 . . . . . . . Build 4 | . . . . . 1 . 1 . . . . . . . . . . . . . . . . . . 1 . . . . 1 . . . . . . . Repair Station Hacks 35 | . . . 6 . . . 16 . . . . . . . . 2 . . . . 1 . . . . 4 . . . . . 2 . . 2 . 2 . Scan Component 18 | . . . 3 . . . 8 . . . . . . . . 1 . . . . 1 . . . . 2 . . . . . 1 . . 1 . 1 . Repair 17 | . . . 3 . . . 8 . . . . . . . . 1 . . . . . . . . . 2 . . . . . 1 . . 1 . 1 . Recycling Unit Hacks 2 | . . . . . . . . . . . . . . 1 . . . . . . 1 . . . . . . . . . . . . . . . . . Retrieve Components 2 | . . . . . . . . . . . . . . 1 . . . . . . 1 . . . . . . . . . . . . . . . . . Scanalyzer 45 | . . . 10 . 3 . 2 . . . . 2 . . . . . . . . 9 . . . . 3 . . . . 8 3 . . 3 2 . . Insert Component 31 | . . . 5 . 2 . 1 . . . . 2 . . . . . . . . 8 . . . . 2 . . . . 3 3 . . 3 2 . . Analyze 14 | . . . 5 . 1 . 1 . . . . . . . . . . . . . 1 . . . . 1 . . . . 5 . . . . . . . Garrison Access Hacks 8 | . . . 1 . 1 . 2 . . . . 1 . 1 . . . . . . 1 . . . . . . . . . . 1 . . . . . . Unlock Access 4 | . . . 1 . 1 . . . . . . . . 1 . . . . . . . . . . . . . . . . . 1 . . . . . . Seal Access 4 | . . . . . . . 2 . . . . 1 . . . . . . . . 1 . . . . . . . . . . . . . . . . . Unauthorized Hacks 81 | . 2 . 7 . 11 . 17 . . . . 10 . 4 . 4 . . . . 9 . . . . 2 1 . . 1 1 2 . . 3 4 3 . Terminals 45 | . 1 . 7 . 7 . 11 . . . . 4 . 1 . 1 . . . . 1 . . . . . . . . 1 1 1 . . 2 4 3 . Track 6 | . . . . . . . 1 . . . . . . . . . . . . . . . . . . . . . . . . 1 . . 1 2 1 . Assimilate 4 | . . . . . . . 3 . . . . 1 . . . . . . . . . . . . . . . . . . . . . . . . . . Botnet 11 | . 1 . 1 . 1 . 1 . . . . 1 . 1 . 1 . . . . . . . . . . . . . . . . . . 1 1 2 . Disrupt 1 | . . . . . . . . . . . . . . . . . . . . . . . . . . . . . . . . . . . . 1 . . Operators 4 | . . . 1 . 1 . 1 . . . . 1 . . . . . . . . . . . . . . . . . . . . . . . . . . Skim 19 | . . . 5 . 5 . 5 . . . . 1 . . . . . . . . 1 . . . . . . . . 1 1 . . . . . . . Fabricators 22 | . . . . . 4 . 5 . . . . 5 . 2 . 1 . . . . 3 . . . . 2 . . . . . . . . . . . . Report 1 | . . . . . . . . . . . . 1 . . . . . . . . . . . . . . . . . . . . . . . . . . Prioritize 3 | . . . . . 1 . 1 . . . . . . . . . . . . . 1 . . . . . . . . . . . . . . . . . Liberate 11 | . . . . . 2 . 3 . . . . 3 . 1 . . . . . . 1 . . . . 1 . . . . . . . . . . . . Haulers 7 | . . . . . 1 . 1 . . . . 1 . 1 . 1 . . . . 1 . . . . 1 . . . . . . . . . . . . Repair Stations 6 | . . . . . . . . . . . . 1 . 1 . 2 . . . . 2 . . . . . . . . . . . . . . . . . Mechanics 1 | . . . . . . . . . . . . 1 . . . . . . . . . . . . . . . . . . . . . . . . . . Patch 5 | . . . . . . . . . . . . . . 1 . 2 . . . . 2 . . . . . . . . . . . . . . . . . Recycling Units 6 | . 1 . . . . . 1 . . . . . . . . . . . . . 3 . . . . . 1 . . . . . . . . . . . Reject 1 | . . . . . . . . . . . . . . . . . . . . . 1 . . . . . . . . . . . . . . . . . Recyclers 1 | . . . . . . . . . . . . . . . . . . . . . . . . . . . 1 . . . . . . . . . . . Mask 3 | . . . . . . . 1 . . . . . . . . . . . . . 2 . . . . . . . . . . . . . . . . . Tunnel 1 | . 1 . . . . . . . . . . . . . . . . . . . . . . . . . . . . . . . . . . . . . Scanalyzers 2 | . . . . . . . . . . . . . . . . . . . . . . . . . . . . . . . . 1 . . 1 . . . Researchers 2 | . . . . . . . . . . . . . . . . . . . . . . . . . . . . . . . . 1 . . 1 . . . Garrison Access . | . . . . . . . . . . . . . . . . . . . . . . . . . . . . . . . . . . . . . . . Data Cores Recovered 2 | . . . 1 . . . . . . . . . . . . . . . . . . . . . . . . . . 1 . . . . . . . . Used . | . . . . . . . . . . . . . . . . . . . . . . . . . . . . . . . . . . . . . . . Hacking Detections 115 | . 2 . 7 2 9 3 19 . . . . 15 . 7 2 6 . . . . 11 . . . . 4 1 . . 2 3 4 1 . 8 6 3 . Full Trace Events 6 | . . . . . . . . . . . . 1 . 1 1 . . . . . 1 . . . . . . . . . 2 . . . . . . . Feedback Events 1 | . . . . . . . . . . . . . . . . . . . . . . . . . . . . . . . 1 . . . . . . . Corruption 1 | . . . . . . . . . . . . . . . . . . . . . . . . . . . . . . . 1 . . . . . . . Feedback Blocked . | . . . . . . . . . . . . . . . . . . . . . . . . . . . . . . . . . . . . . . . Robot Schematics Acquired 6 | . . . . . . . 1 . . 5 . . . . . . . . . . . . . . . . . . . . . . . . . . . . Robots Built 2 | . . . . . . . 2 . . . . . . . . . . . . . . . . . . . . . . . . . . . . . . . Authchips . | . . . . . . . . . . . . . . . . . . . . . . . . . . . . . . . . . . . . . . . Time 81 | . . . . . . . 81 . . . . . . . . . . . . . . . . . . . . . . . . . . . . . . . Total Robot Build Rating 2 | . . . . . . . 2 . . . . . . . . . . . . . . . . . . . . . . . . . . . . . . . Part Schematics Acquired 17 | . . . 3 . 1 . 1 . . 8 . . . . . . . . . . 1 . . . . . . . . . 3 . . . . . . . Parts Built 4 | . . . . . 1 . . . . . . . . . . . . . . . . . . . . 2 . . . . 1 . . . . . . . Authchips . | . . . . . . . . . . . . . . . . . . . . . . . . . . . . . . . . . . . . . . . Time 172 | . . . . . 47 . . . . . . . . . . . . . . . . . . . . 69 . . . . 56 . . . . . . . Total Part Build Rating 29 | . . . . . 5 . . . . . . . . . . . . . . . . . . . . 18 . . . . 6 . . . . . . . Parts Repaired 17 | . . . 3 . . . 8 . . . . . . . . 1 . . . . . . . . . 2 . . . . . 1 . . 1 . 1 . Time 690 | . . . 90 . . . 370 . . . . . . . . 22 . . . . . . . . . 64 . . . . . 54 . . 54 . 36 . Parts Recycled . | . . . . . . . . . . . . . . . . . . . . . . . . . . . . . . . . . . . . . . . Recycled Matter . | . . . . . . . . . . . . . . . . . . . . . . . . . . . . . . . . . . . . . . . Retrieved Matter . | . . . . . . . . . . . . . . . . . . . . . . . . . . . . . . . . . . . . . . . Retrieved Components 12 | . . . . . . . . . . . . . . 2 . . . . . . 10 . . . . . . . . . . . . . . . . . Parts Scanalyzed 11 | . . . 3 . 1 . 1 . . . . . . . . . . . . . 2 . . . . 1 . . . . 3 . . . . . . . Part Schematics Acquired 9 | . . . 3 . 1 . 1 . . . . . . . . . . . . . 1 . . . . . . . . . 3 . . . . . . . Parts Damaged 1 | . . . . . . . . . . . . . . . . . . . . . . . . . . 1 . . . . . . . . . . . . Bothacking | -11 -10 -10 -8 -8 -7 -7 -7 -7 -7 -7 -6 -6 -6 -6 -6 -6 -6 -6 -6 -5 -5 -5 -5 -5 -4 -4 -4 -4 -4 -4 -3 -3 -3 -2 -2 -2 -1 -1 ------------ Run | Yrd Mat Sub Mat Gar Fac Gar Fac Low Low Dat Pro Fac Was Fac Gar Fac Low Low Zio Pro Fac Upp Upp War Pro Fac Ext Cet Arc Hub Res Qua Gar Res Tes Sec Acc Com Used RIF Installer . | . . . . . . . . . . . . . . . . . . . . . . . . . . . . . . . . . . . . . . . Robots Hacked 2 | . . . . . . . . . . . . 1 . . . . . . . . . . . . . . . . . . . . . . . . . 1 Non-combat 1 | . . . . . . . . . . . . 1 . . . . . . . . . . . . . . . . . . . . . . . . . . Combat . | . . . . . . . . . . . . . . . . . . . . . . . . . . . . . . . . . . . . . . . Robot Hacks Applied 1 | . . . . . . . . . . . . 1 . . . . . . . . . . . . . . . . . . . . . . . . . . find_chute 1 | . . . . . . . . . . . . 1 . . . . . . . . . . . . . . . . . . . . . . . . . . Manual 1 | . . . . . . . . . . . . . . . . . . . . . . . . . . . . . . . . . . . . . . 1 Relay Couplers Released 83 | . . . . 21 . 15 8 . . . . 1 . . 14 1 . . . . . . . . . 4 . . . . . . 14 1 4 . . . Machine Destruction 71 | . . . . 21 . 15 . . . . . 1 . . 14 1 . . . . . . . . . . . . . . . . 14 1 4 . . . Programmers 12 | . . . . . . . 8 . . . . . . . . . . . . . . . . . . 4 . . . . . . . . . . . . Fabnet Peak Effective % . | . . . . . . . . . . . . . . . . . . . . . . . . . . . . . . . . . . . . . . . Robots Rewired 30 | . . . . 4 . 3 . . 2 . . . . . . . . . . . . . . 5 . . 16 . . . . . . . . . . . Allies Hacked . | . . . . . . . . . . . . . . . . . . . . . . . . . . . . . . . . . . . . . . . Hacks Repelled . | . . . . . . . . . . . . . . . . . . . . . . . . . . . . . . . . . . . . . . . Allies | -11 -10 -10 -8 -8 -7 -7 -7 -7 -7 -7 -6 -6 -6 -6 -6 -6 -6 -6 -6 -5 -5 -5 -5 -5 -4 -4 -4 -4 -4 -4 -3 -3 -3 -2 -2 -2 -1 -1 -------- Run | Yrd Mat Sub Mat Gar Fac Gar Fac Low Low Dat Pro Fac Was Fac Gar Fac Low Low Zio Pro Fac Upp Upp War Pro Fac Ext Cet Arc Hub Res Qua Gar Res Tes Sec Acc Com Total Allies 67 | . . . . 4 . 5 10 . 2 . . 3 . . 2 . . 2 3 . 3 . . 5 . . 23 5 . . . . . . . . . . Largest Group 23 | . . . . 2 2 5 4 2 2 2 2 2 . . 2 1 . 2 3 3 3 . . 5 3 1 20 23 20 16 . . . . . . . . Highest-Rated Group 1274 | . . . . 70 34 189 108 20 52 52 52 82 . . 157 95 . 62 87 87 87 . . 228 146 63 950 1274 1186 915 . . . . . . . . Highest-Rated Ally 159 | . . . . 39 18 62 62 10 32 32 32 41 . . 95 95 . 31 31 31 29 . . 64 64 63 159 159 137 96 . . . . . . . . Initial Warlord ECA Mod 682 | . . . . . 8 8 19 19 19 19 18 18 15 15 15 23 22 22 22 21 21 21 21 21 20 20 20 20 20 20 19 19 19 28 28 28 27 27 Warlord Squad Rendezvous 4 | . . . . . . . . . . . . 3 . . . 1 . . . . . . . . . . . . . . . . . . . . . . Dakka 1 | . . . . . . . . . . . . . . . . 1 . . . . . . . . . . . . . . . . . . . . . . Infantry 1 | . . . . . . . . . . . . 1 . . . . . . . . . . . . . . . . . . . . . . . . . . Geek 1 | . . . . . . . . . . . . 1 . . . . . . . . . . . . . . . . . . . . . . . . . . Pyro 1 | . . . . . . . . . . . . 1 . . . . . . . . . . . . . . . . . . . . . . . . . . Total Orders 88 | . . . . 2 . 1 4 6 . . 4 . . . . . . . . . 12 8 . 8 . 1 5 1 2 1 10 6 . . 9 . 8 . STAY 13 | . . . . 1 . 1 1 1 . . 2 . . . . . . . . . . . . 5 . . . . 1 . 1 . . . . . . . FOLLOW 14 | . . . . 1 . . 1 3 . . 2 . . . . . . . . . . . . 3 . . . . 1 . . . . . 1 . 2 . TUNNEL 4 | . . . . . . . 2 2 . . . . . . . . . . . . . . . . . . . . . . . . . . . . . . EXPLORE 28 | . . . . . . . . . . . . . . . . . . . . . 5 7 . . . . . . . . 7 . . . 3 . 6 . RETURN 29 | . . . . . . . . . . . . . . . . . . . . . 7 1 . . . 1 5 1 . 1 2 6 . . 5 . . . Ally Attacks 465 | . . . . 24 12 25 20 . . . 11 16 . . 11 13 . 46 . 16 28 . . 41 14 . 37 45 32 49 . . . . 25 . . . Total Damage 14280 | . . . . 211 221 907 453 . . . 228 482 . . 488 421 . 464 . 252 493 . . 1718 339 . 1200 1637 972 3319 . . . . 475 . . . Kills 95 | . . . . 2 3 8 2 . . . 4 3 . . 3 3 . 5 . 3 4 . . 11 2 . 10 9 4 19 . . . . . . . . Allies Corrupted 7 | . . . . . . . 1 . . . . . . . 1 . . . . . . . . . . . . . . 5 . . . . . . . . Allies Melted 1 | . . . . . . . . . . . . . . . . . . . . . . . . . . . . . . . . . . . . . . 1 Intel | -11 -10 -10 -8 -8 -7 -7 -7 -7 -7 -7 -6 -6 -6 -6 -6 -6 -6 -6 -6 -5 -5 -5 -5 -5 -4 -4 -4 -4 -4 -4 -3 -3 -3 -2 -2 -2 -1 -1 ------- Run | Yrd Mat Sub Mat Gar Fac Gar Fac Low Low Dat Pro Fac Was Fac Gar Fac Low Low Zio Pro Fac Upp Upp War Pro Fac Ext Cet Arc Hub Res Qua Gar Res Tes Sec Acc Com Active Infowar (turns) 45718 | 70 688 4126 1737 101 313 . 1 1472 1443 138 1945 678 111 707 2 . 1544 1415 1 2030 1626 1175 1775 . 2288 1053 1780 571 3294 237 946 1458 1571 1481 2969 2128 1761 1083 Optics 19555 | . . . . . . . . . . . . . . . . . . . . . . . . . . 276 1780 571 3294 237 946 1458 1571 1481 2969 2128 1761 1083 Sensors 7229 | . . . . . . . . 1472 1443 138 1945 630 . 1 . . . . . . . . . . . . 2 . 10 . 376 1212 . . . . . . IFF 12657 | . . . . . . . . . . . . . 111 706 2 . 1544 1415 . 2030 1626 1175 1659 . 2288 101 . . . . . . . . . . . . Terrain 404 | 63 87 142 111 . . . . . . . . . . . . . . . 1 . . . . . . . . . . . . . . . . . . . Structural 664 | . . . . . . . . . . . . . . . . . . . . . . . . . . . . . . . . . . . . 417 247 . Traps 2 | . . . . . . . . . . . . . . . . . . . . . . . . . . . . . . 2 . . . . . . . . Seismic 6194 | 7 601 3984 1218 71 313 . . . . . . . . . . . . . . . . . . . . . . . . . . . . . . . . . Decoding 1877 | . . . . . . . . . . . . . . . . . . . . . . . . . 1100 777 . . . . . . . . . . . . Machine Analysis 1813 | . . . 1735 30 . . . . . . . 48 . . . . . . . . . . . . . . . . . . . . . . . . . . Jamming 11849 | . . . . . . . 1 . . . . . . . . . . . . . . . 116 . . . . . . . 798 1458 1571 1061 2852 1546 1759 687 Robot Analysis Total 1 | . 1 . . . . . . . . . . . . . . . . . . . . . . . . . . . . . . . . . . . . . Derelict Logs Recovered 16 | . . 2 . . . . . 1 1 . 1 . . . . . 1 2 1 1 . 2 2 . 2 . . . . . . . . . . . . . Drone Launches 51 | . . . . . . . . . . . . . . . . . . . . . 10 9 . . . 2 5 1 . 1 7 6 . . 6 . 4 . Drone Recoveries 42 | . . . . . . . . . . . . . . . . . . . . . 10 7 . . . 2 5 1 . 1 4 6 . . 4 . 2 . Decoded 0b10 Intel 23 | . . . . . . . . . . . . . . . . . . . . . . . . . . 23 . . . . . . . . . . . . Traps 6 | . . . . . . . . . . . . . . . . . . . . . . . . . . 6 . . . . . . . . . . . . Emergency Access 2 | . . . . . . . . . . . . . . . . . . . . . . . . . . 2 . . . . . . . . . . . . Items 9 | . . . . . . . . . . . . . . . . . . . . . . . . . . 9 . . . . . . . . . . . . Machines 6 | . . . . . . . . . . . . . . . . . . . . . . . . . . 6 . . . . . . . . . . . . Exploration | -11 -10 -10 -8 -8 -7 -7 -7 -7 -7 -7 -6 -6 -6 -6 -6 -6 -6 -6 -6 -5 -5 -5 -5 -5 -4 -4 -4 -4 -4 -4 -3 -3 -3 -2 -2 -2 -1 -1 ------------- Run | Yrd Mat Sub Mat Gar Fac Gar Fac Low Low Dat Pro Fac Was Fac Gar Fac Low Low Zio Pro Fac Upp Upp War Pro Fac Ext Cet Arc Hub Res Qua Gar Res Tes Sec Acc Com Turns Passed 65305 | 218 688 4637 1737 1236 1280 1545 3192 1561 1626 138 2090 3391 185 1565 1559 947 1562 1607 1585 2498 2775 1381 1860 1400 2433 1330 1780 571 3294 237 946 1458 1571 1481 2969 2128 1761 1083 Spaces Moved 32245 | 105 282 2695 885 615 683 785 1590 1013 941 91 1232 1843 80 692 719 427 922 934 947 1233 1479 741 1037 705 1292 438 682 260 334 119 506 727 682 837 1533 866 748 545 Core 105 | 4 . . . . . . . . . . . . . . . . . . . . . . . . . . . . 101 . . . . . . . . . Treads 11769 | 101 148 30 596 615 683 785 1133 . . . . . . 250 141 . . . . 8 36 . . . . 34 244 230 233 119 506 727 682 837 1533 866 716 516 Legs . | . . . . . . . . . . . . . . . . . . . . . . . . . . . . . . . . . . . . . . . Wheels 20310 | . 134 2665 289 . . . 457 1013 941 91 1232 1843 80 442 578 427 922 934 947 1225 1443 741 1037 705 1292 404 438 30 . . . . . . . . . . Hover . | . . . . . . . . . . . . . . . . . . . . . . . . . . . . . . . . . . . . . . . Flight . | . . . . . . . . . . . . . . . . . . . . . . . . . . . . . . . . . . . . . . . Fastest Speed 50 | 50 130 130 120 156 156 160 130 145 145 145 145 145 160 160 150 165 165 165 150 165 135 135 165 180 180 162 162 165 160 160 160 160 160 160 150 150 151 151 Average Speed 167 | 155 176 140 144 156 156 160 152 145 159 146 159 159 160 187 169 165 165 165 162 179 138 158 167 180 180 190 176 166 944 160 160 160 160 160 153 154 151 151 Slowest Speed 2750 | 160 240 320 156 156 160 240 240 145 160 160 160 160 160 240 240 165 255 165 165 255 235 255 180 180 180 315 243 185 2750 160 160 160 240 160 232 155 151 151 Overloaded Moves . | . . . . . . . . . . . . . . . . . . . . . . . . . . . . . . . . . . . . . . . Propulsion Burnouts . | . . . . . . . . . . . . . . . . . . . . . . . . . . . . . . . . . . . . . . . Robots Hopped . | . . . . . . . . . . . . . . . . . . . . . . . . . . . . . . . . . . . . . . . Potential Cave-ins 4 | . . . . . . . . . . . . . . 2 . . . . . . . . . . . . . . . . . . . . . 2 . . Cave-ins Triggered . | . . . . . . . . . . . . . . . . . . . . . . . . . . . . . . . . . . . . . . . Microwarps 4 | . . . . . . . . . . . . . . . . . . . . . . . . . . . . . . . . . . . . . 1 3 Exploration Rate (%) 63 | 6 37 96 55 77 23 88 35 96 98 68 97 54 76 20 80 16 94 93 84 83 40 98 92 88 92 15 87 78 89 21 22 76 73 27 92 45 28 30 Regions Visited 38 Branch Regions 21 Pre-discovered Areas 12 | . 1 3 1 . 1 . 1 1 . 1 1 . . . . . . 1 1 . . . . . . . . . . . . . . . . . . . Known Exits Taken 22 | . . . 1 . 1 . 1 1 1 1 1 . . 1 . 1 . . . 1 1 . . . 1 1 1 1 . 1 1 1 . 1 1 1 1 . Unknown Exits Taken 10 | 1 1 1 . . . . . . . . . . . . . . 1 1 1 . . 1 1 1 . . . . 1 . . . . . . . . . Scrap Searched 33 | . . 7 . . . . . 2 4 . 3 . . . . . 1 3 3 3 . 3 3 . 1 . . . . . . . . . . . . . Spaces Dug 679 | . 1 . 17 15 10 33 34 . 6 . . 75 . 11 14 30 4 15 . 7 96 17 26 . . 31 12 4 . 3 5 33 40 2 57 29 45 7 Terrain Destroyed 1995 | . 5 1 19 20 10 107 61 3 18 . 11 90 30 24 125 95 77 38 . 29 166 41 27 69 2 188 21 4 3 5 5 36 205 21 155 199 75 10 Melee 126 | . . . 15 5 10 12 29 . . . . 15 . 2 12 . . . . . 6 . . . . . 6 4 . . . 1 1 . . 8 . . Projectile 636 | . 2 1 4 . . . 22 3 11 . 11 29 2 22 2 32 5 14 . 29 101 12 27 . . 29 15 . 3 5 5 35 20 21 57 49 58 10 AOE 1225 | . 3 . . 15 . 95 9 . 6 . . 46 28 . 111 63 72 24 . . 59 29 . 69 . 157 . . . . . . 183 . 97 142 17 . Terrain Rammed . | . . . . . . . . . . . . . . . . . . . . . . . . . . . . . . . . . . . . . . . Walls Destroyed . | . . . . . . . . . . . . . . . . . . . . . . . . . . . . . . . . . . . . . . . Machines Disabled . | . . . . . . . . . . . . . . . . . . . . . . . . . . . . . . . . . . . . . . . Actions | -11 -10 -10 -8 -8 -7 -7 -7 -7 -7 -7 -6 -6 -6 -6 -6 -6 -6 -6 -6 -5 -5 -5 -5 -5 -4 -4 -4 -4 -4 -4 -3 -3 -3 -2 -2 -2 -1 -1 --------- Run | Yrd Mat Sub Mat Gar Fac Gar Fac Low Low Dat Pro Fac Was Fac Gar Fac Low Low Zio Pro Fac Upp Upp War Pro Fac Ext Cet Arc Hub Res Qua Gar Res Tes Sec Acc Com Total 40011 | 138 436 3318 1254 801 805 979 2124 1078 1010 96 1319 2135 107 854 924 567 947 970 997 1395 1946 902 1118 829 1361 730 1117 385 452 153 625 934 957 949 1963 1362 1243 731 Wait 3595 | 5 126 395 231 65 18 82 297 40 15 . 41 107 7 46 59 35 1 8 3 57 141 101 37 6 49 82 185 78 86 19 68 81 111 45 211 180 358 119 Move 32151 | 104 281 2694 885 614 683 783 1589 1012 940 90 1231 1843 79 692 717 426 921 933 946 1232 1478 740 1036 704 1291 437 681 259 333 118 505 726 680 836 1532 865 716 519 Hop . | . . . . . . . . . . . . . . . . . . . . . . . . . . . . . . . . . . . . . . . Pick Up 386 | 9 1 32 22 8 16 3 16 2 7 . 5 21 1 14 10 14 4 . 13 7 31 4 . 10 1 14 6 6 4 1 7 10 6 6 13 39 14 9 Fast Attach 199 | 7 . . 5 2 2 6 13 . 1 3 2 3 2 6 . . . 3 9 1 13 . . 7 1 11 8 6 6 2 2 10 9 12 19 14 12 2 Attach 176 | . 1 5 7 2 4 1 7 1 1 . 1 6 4 10 9 8 2 . 2 3 12 5 . 5 1 18 3 2 3 . 3 2 3 4 13 14 8 6 Detach 62 | . . . . 1 . 1 2 1 . . . 3 . 6 3 . 1 . . . 4 1 . 1 . 12 2 1 1 . . 1 2 3 5 2 4 5 Swap 839 | 2 10 66 33 22 17 21 54 8 12 . 10 55 2 26 28 16 6 11 4 25 70 28 13 7 3 43 41 9 2 2 17 26 18 11 21 47 31 22 Drop 428 | 1 1 19 17 16 18 9 18 1 5 3 7 17 . 6 4 8 2 3 20 7 36 4 . 14 1 12 8 14 6 3 10 21 13 16 29 30 19 10 Fire 1627 | 10 16 107 33 47 36 40 69 13 23 . 16 61 12 44 47 58 10 12 . 55 149 19 32 7 14 101 51 6 4 7 7 49 107 16 105 127 79 38 Melee 244 | . . . 19 10 10 19 53 . . . . 18 . 4 27 . . . . . 10 . . . . . 13 4 7 . . 6 4 . . 40 . . Ram . | . . . . . . . . . . . . . . . . . . . . . . . . . . . . . . . . . . . . . . . Kick . | . . . . . . . . . . . . . . . . . . . . . . . . . . . . . . . . . . . . . . . Crush 20 | . . . . 2 . 1 3 . . . . . . . . . . . . . 2 . . . . . . . . 1 . 2 3 . 2 2 1 1 Escape Stasis 45 | . . . . 1 . 1 . . . . . . . . 17 . . . . 8 . . . . . . 8 . . . . . . . 10 . . . Rewire 203 | . . . . 10 . 10 . . 6 . . . . . 1 . . . . . . . . 68 . . 108 . . . . . . . . . . . Trap 12 | . . . . . . . . . . . 6 . . . . . . . . . . . . . . . 3 . . . 3 . . . . . . . Miscellaneous 24 | . . . 2 1 1 2 3 . . . . 1 . . 2 2 . . . . . . . . . . . . . . 3 . 1 . 3 2 1 . Route ------- -11/Scrapyard -10/Materials (discovered 3 exits: [*Mat] / [*Min] / *Sub) -10/Subcaves (discovered 3 exits: *Mat x2 / Rec) -8/Materials (discovered 3 exits: *Fac x2 / Gar) -8/Garrison (discovered 3 exits: *Fac x3) -7/Factory (discovered 5 exits: Fac x2 / *Low x2 / Gar) -7/Garrison (discovered 3 exits: *Fac x3) -7/Factory (discovered 6 exits: *Fac x4 / *Low x2) -7/Lower Caves -7/Lower Caves (discovered 2 exits: *Fac / *Dat) -7/Data Miner -6/Proximity Caves -6/Factory (discovered 3 exits: *Fac / Low x2) -6/Waste -6/Factory (discovered 2 exits: Low / Gar) -6/Garrison (discovered 3 exits: *Fac x3) -6/Factory (discovered 2 exits: *Low x2) -6/Lower Caves -6/Lower Caves (discovered 2 exits: *Fac / [*Zio]) -6/Zion -5/Proximity Caves -5/Factory (discovered 4 exits: *Fac x2 / *Upp x2) -5/Upper Caves -5/Upper Caves (discovered 2 exits: *Fac / *War) -5/Warlord -4/Proximity Caves -4/Factory (discovered 4 exits: Res / Upp / *Ext / Arm) -4/Extension (discovered 3 exits: *Res x2 / *Cet) -4/Cetus (discovered 2 exits: *Res / *Arc) -4/Archives (discovered 3 exits: *Res / *Hub x2) -4/Hub_04(d) (discovered 4 exits: *Res x4) -3/Research (discovered 3 exits: *Res x2 / *Qua) -3/Quarantine (discovered 2 exits: Res / Gar) -3/Garrison (discovered 3 exits: *Res x3) -2/Research (discovered 3 exits: *Acc x2 / *Tes) -2/Testing (discovered 3 exits: *Acc / *Sec / [*Frg]) -2/Section 7 -1/Access -1/Command Free Derelict Territories History --------- Turn | Location | Event 11 | -11/Scrapyard | Discovered new exit (range 16) 219 | -11/Scrapyard | Entered Materials 220 | -10/Materials | Met a group of wandering Federalists 280 | -10/Materials | Discovered new exit (range 13) 305 | -10/Materials | Build established: Mutant 320 | -10/Materials | Discovered new exit (range 15) 392 | -10/Materials | Discovered new exit (range 15) 907 | -10/Materials | Entered Subcaves 908 | -10/Subcaves | Continued accompanying wandering Federalists (3) 908 | -10/Subcaves | Approached by a straggling Scientist 994 | -10/Subcaves | Lost 3 allies 1155 | -10/Subcaves | Discovered new exit (range 8) 1467 | -10/Subcaves | Shifting Twisted Machinery released Mak. Light Armor Plating 1512 | -10/Subcaves | Shifting Twisted Machinery released Riot Gun 1673 | -10/Subcaves | Visited Clippyterm 1677 | -10/Subcaves | Identified exit to Recycling 1677 | -10/Subcaves | Learned location of Deep Caves (-6) 1689 | -10/Subcaves | Build established: Scavenger-Mutant 1870 | -10/Subcaves | A swath of the cavern ceiling suddenly collapsed 2815 | -10/Subcaves | Build established: Mutant 3280 | -10/Subcaves | Shifting Twisted Machinery released Barrage Gun 3308 | -10/Subcaves | Shifting Twisted Machinery released Battle Rifle 3309 | -10/Subcaves | Shifting Twisted Machinery released Shrapnel Trap 3835 | -10/Subcaves | Core integrity fell below 50% 4153 | -10/Subcaves | Discovered new exit (range 16) 5023 | -10/Subcaves | Learned location of Zion (-6) 5189 | -10/Subcaves | Visited 4L-MR0's lab 5209 | -10/Subcaves | Found Power Bank 5265 | -10/Subcaves | Build established: Scavenger-Mutant 5544 | -10/Subcaves | Entered Materials 5544 | -8/Materials | Evolved 4 slots: Propulsion x2, Utility x2 5719 | -8/Materials | Discovered new exit (range 13) 6582 | -8/Materials | Learned Factory stockpile data 6637 | -8/Materials | Learned Storage emergency access door positions 6681 | -8/Materials | Learned Storage emergency access door positions 6716 | -8/Materials | Identified exit to Factory 6741 | -8/Materials | Learned Factory trap positions 6782 | -8/Materials | Learned Factory stockpile data 6815 | -8/Materials | Learned location of 1 exit from Storage 7074 | -8/Materials | Repaired Adv. Treads 7102 | -8/Materials | Repaired Lgt. Treads 7129 | -8/Materials | Repaired Lgt. Treads 7281 | -8/Materials | Identified exit to Garrison 7281 | -8/Materials | Entered Garrison 7313 | -8/Garrison | Discovered exit to Factory (range 69) 7313 | -8/Garrison | Discovered exit to Factory (range 46) 7313 | -8/Garrison | Discovered exit to Factory (range 40) 7335 | -8/Garrison | Triggered checkpoint 7469 | -8/Garrison | Garrison Relay disabled 7567 | -8/Garrison | Triggered checkpoint 7582 | -8/Garrison | Triggered checkpoint 7610 | -8/Garrison | Destroyed 7 combat bots 7731 | -8/Garrison | Triggered checkpoint 7752 | -8/Garrison | Garrison Relay disabled 7842 | -8/Garrison | Triggered checkpoint 7955 | -8/Garrison | Garrison Relay disabled 8212 | -8/Garrison | Triggered checkpoint 8237 | -8/Garrison | Garrison Relay disabled 8297 | -8/Garrison | Triggered checkpoint 8344 | -8/Garrison | Garrison Relay disabled 8517 | -8/Garrison | Entered Factory 8517 | -7/Factory | Accompanied by 2 allies 8517 | -7/Factory | Evolved 2 slots: Utility x1, Weapon x1 8518 | -7/Factory | Loaded intel: 114 trap records 8572 | -7/Factory | Identified exit to Lower Caves 8823 | -7/Factory | Build established: Scavenger-Tank 9488 | -7/Factory | Learned Extension trap positions 9524 | -7/Factory | Fabricated Hvy. Reflective Plating (x1) 9540 | -7/Factory | Learned Extension emergency access door positions 9555 | -7/Factory | Build established: Scavenger-Gunner 9580 | -7/Factory | Learned Extension security intel 9611 | -7/Factory | Learned location of 1 exit from Cetus 9631 | -7/Factory | Learned location of Lower Caves (-7) 9642 | -7/Factory | Learned location of 1 exit from Proximity Caves 9662 | -7/Factory | Learned Extension emergency access door positions 9694 | -7/Factory | Identified exit to Factory 9736 | -7/Factory | Learned location of 1 exit from Hub_04(d) 9797 | -7/Factory | Identified exit to Garrison 9797 | -7/Factory | Entered Garrison 9850 | -7/Garrison | Garrison Relay disabled 10045 | -7/Garrison | Triggered checkpoint 10096 | -7/Garrison | Triggered checkpoint 10222 | -7/Garrison | Triggered checkpoint 10255 | -7/Garrison | Found embedded Infiltrators 10262 | -7/Garrison | Garrison Relay disabled 10280 | -7/Garrison | Discovered new exit (range 8) 10399 | -7/Garrison | Triggered checkpoint 10516 | -7/Garrison | Discovered new exit (range 13) 10587 | -7/Garrison | Triggered checkpoint 10661 | -7/Garrison | Discovered new exit (range 18) 10661 | -7/Garrison | Discovered new exit (range 76) 10661 | -7/Garrison | Discovered new exit (range 43) 10673 | -7/Garrison | Garrison Relay disabled 10769 | -7/Garrison | Triggered checkpoint 10969 | -7/Garrison | Triggered checkpoint 10990 | -7/Garrison | Garrison Relay disabled 11201 | -7/Garrison | Phase Generator disabled 11209 | -7/Garrison | Attempted to access garrison exit controls, blocked by remote lockdown 11342 | -7/Garrison | Entered Factory 11342 | -7/Factory | Accompanied by 2 allies 11588 | -7/Factory | Discovered exit to Factory (range 15) 11757 | -7/Factory | P-60 Hacker assimilated allied Administrator 4a 11869 | -7/Factory | Repaired Med. Treads 11910 | -7/Factory | Repaired Lgt. Treads 11982 | -7/Factory | Repaired Railgun 12310 | -7/Factory | Repaired Mak. Hammer 12953 | -7/Factory | Garrison activated, responded to threat 12987 | -7/Factory | Lost 3 allies 13074 | -7/Factory | Repaired Railgun 13119 | -7/Factory | Repaired Med. Reactive Plating 13285 | -7/Factory | Discovered exit to Factory (range 11) 13342 | -7/Factory | First assault squad dispatched 13436 | -7/Factory | Build established: Gunner 13694 | -7/Factory | Learned 4 Lower Caves zone layouts 13913 | -7/Factory | Repaired Med. Treads 13961 | -7/Factory | Repaired Imp. Cooling System? 14222 | -7/Factory | Fabricated T-07 Excavator? 14534 | -7/Factory | Entered Lower Caves 14534 | -7/Lower Caves | Accompanied by 2 allies 14535 | -7/Lower Caves | Identified exit to Lower Caves 14635 | -7/Lower Caves | Met a Warlord Commander 14636 | -7/Lower Caves | Learned location of Warlord (-5) 14637 | -7/Lower Caves | Warlord Commander delivered Encrypted Comm Array 14639 | -7/Lower Caves | Found Encrypted Comm Array 14746 | -7/Lower Caves | Learned Factory stockpile data 14919 | -7/Lower Caves | Build established: Skirmisher 15200 | -7/Lower Caves | Encountered a Warlord checkpoint 16095 | -7/Lower Caves | Entered another Lower Caves area 16095 | -7/Lower Caves | Accompanied by 1 ally 16097 | -7/Lower Caves | Attracted the attention of an 0b10 checkpoint 16764 | -7/Lower Caves | Attracted the attention of an 0b10 outpost 16831 | -7/Lower Caves | Destroyed 7 combat bots 17489 | -7/Lower Caves | Learned Factory emergency access door positions 17596 | -7/Lower Caves | Discovered new exit (range 5) 17719 | -7/Lower Caves | Identified exit to Data Miner 17721 | -7/Lower Caves | Entered Data Miner 17721 | -7/Data Miner | Accompanied by 2 allies 17723 | -7/Data Miner | Discovered new exit (range 6) 17751 | -7/Data Miner | Met Data Miner 17775 | -7/Data Miner | Learned location of Section 7 (-2) 17775 | -7/Data Miner | Acquired the access code to Warlord's prototype stash 17800 | -7/Data Miner | Received God Mode back door access code from Data Miner 17857 | -7/Data Miner | Identified exit to Proximity Caves 17859 | -7/Data Miner | Entered Proximity Caves 17859 | -6/Proximity Caves | Accompanied by 2 allies 17862 | -6/Proximity Caves | Spotter reported a threat 17984 | -6/Proximity Caves | Learned location of Extension (-4) 18805 | -6/Proximity Caves | Received a Behemoth hack from an annoying Tinkerer 19949 | -6/Proximity Caves | Entered Factory 19949 | -6/Factory | Evolved 2 slots: Utility x1, Weapon x1 19950 | -6/Factory | Identified exit to Lower Caves 20252 | -6/Factory | Joined by Warlord Pyro squad 20706 | -6/Factory | P-60 Hacker assimilated allied ON-N3Q(i) 20712 | -6/Factory | Garrison activated, responded to threat 20933 | -6/Factory | Build established: Gunner 21082 | -6/Factory | Incoming investigation squad redirected 21139 | -6/Factory | Cargo convoy interrupted 21517 | -6/Factory | Discovered new exit (range 8) 21711 | -6/Factory | Joined by Warlord Infantry squad 21712 | -6/Factory | Joined by Warlord Geek squad 22091 | -6/Factory | Spotted B-75 Beast 22137 | -6/Factory | Incoming assault squad redirected 22172 | -6/Factory | Lost 7 allies 22334 | -6/Factory | Build established: Hacker-Gunner 23340 | -6/Factory | Sucked down chute 23340 | -6/Factory | Entered Waste 23344 | -6/Waste | Spotted C-40 Crusher 23355 | -6/Waste | EMP discharged 23356 | -6/Waste | Spotted C-40 Crusher 23363 | -6/Waste | Destroyed C-40 Crusher 23380 | -6/Waste | Crushed by Compactor (1 part destroyed, 2 dropped) 23383 | -6/Waste | Crushed by Compactor (1 part destroyed, 1 dropped) 23385 | -6/Waste | Destroyed C-40 Crusher 23414 | -6/Waste | Lost 4 parts (1p2n1u) 23431 | -6/Waste | Spotted C-40 Crusher 23433 | -6/Waste | Spotted C-40 Crusher 23445 | -6/Waste | Spotted C-40 Crusher 23455 | -6/Waste | EMP discharged 23455 | -6/Waste | System corruption reached 10% 23509 | -6/Waste | Discovered new exit (range 10) 23525 | -6/Waste | Entered Factory 23818 | -6/Factory | Build established: Tank 24321 | -6/Factory | Spotted B-75 Beast 24394 | -6/Factory | Destroyed B-75 Beast 24914 | -6/Factory | Build established: Gunner 25032 | -6/Factory | Garrison activated, responded to threat 25090 | -6/Factory | Identified exit to Garrison 25090 | -6/Factory | Entered Garrison 25166 | -6/Garrison | Triggered checkpoint 25270 | -6/Garrison | Garrison Relay disabled 25458 | -6/Garrison | Triggered checkpoint 25511 | -6/Garrison | Destroyed 9 combat bots 25733 | -6/Garrison | Discovered new exit (range 12) 25768 | -6/Garrison | Triggered checkpoint 25807 | -6/Garrison | Learned Factory security intel 25811 | -6/Garrison | Discovered new exit (range 76) 25811 | -6/Garrison | Discovered new exit (range 60) 25811 | -6/Garrison | Discovered new exit (range 10) 25984 | -6/Garrison | Build established: Scavenger-Gunner 25988 | -6/Garrison | Found embedded Infiltrators 26104 | -6/Garrison | Garrison Relay disabled 26293 | -6/Garrison | Garrison Relay disabled 26455 | -6/Garrison | Triggered checkpoint 26481 | -6/Garrison | Phase Generator disabled 26512 | -6/Garrison | Attempted to access garrison exit controls, blocked by remote lockdown 26649 | -6/Garrison | Entered Factory 26649 | -6/Factory | Accompanied by 1 ally 26752 | -6/Factory | Repaired Hvy. Rocket Launcher 26788 | -6/Factory | Garrison activated, responded to threat 26813 | -6/Factory | Core integrity fell below 50% 26909 | -6/Factory | Joined by Warlord Dakka squad 26952 | -6/Factory | Lost 5 allies 26999 | -6/Factory | First assault squad dispatched 27020 | -6/Factory | Incoming assault squad redirected 27070 | -6/Factory | Lost 4 parts (1n3u) 27097 | -6/Factory | Spotted B-75 Beast 27146 | -6/Factory | Destroyed B-75 Beast 27456 | -6/Factory | Build established: Hacker-Tank 27596 | -6/Factory | Entered Lower Caves 28146 | -6/Lower Caves | Encountered a Warlord checkpoint 28647 | -6/Lower Caves | Discovered new exit (range 6) 28688 | -6/Lower Caves | Learned location of 1 exit from Factory 29158 | -6/Lower Caves | Entered another Lower Caves area 29181 | -6/Lower Caves | Discovered new exit (range 16) 29305 | -6/Lower Caves | Encountered a Warlord checkpoint 29459 | -6/Lower Caves | Learned location of Armory (-4) 29459 | -6/Lower Caves | Learned location of 1 exit from Factory 29459 | -6/Lower Caves | Learned 8 Research zone layouts 29459 | -6/Lower Caves | Learned Armory emergency access door positions 29461 | -6/Lower Caves | A Commander dispatched an escort 29607 | -6/Lower Caves | Learned Factory stockpile data 29765 | -6/Lower Caves | Discovered new exit (range 7) 30332 | -6/Lower Caves | Learned 8 Factory zone layouts 30365 | -6/Lower Caves | Attracted the attention of an 0b10 checkpoint 30765 | -6/Lower Caves | Entered Zion 30799 | -6/Zion | Given the Hacking Drone Bay 30800 | -6/Zion | Found Prototype Device 30826 | -6/Zion | System corruption cleaned by Quarantine Array 30874 | -6/Zion | Discovered new exit (range 15) 31210 | -6/Zion | Found Prototype Processor 31213 | -6/Zion | Found Prototype Processor 31216 | -6/Zion | Found Prototype Processor 31219 | -6/Zion | Found Prototype Processor 31224 | -6/Zion | Found Prototype Hackware 31228 | -6/Zion | Found Prototype Processor 31231 | -6/Zion | Found Prototype Processor 31326 | -6/Zion | Found Prototype Special Weapon 31327 | -6/Zion | Identified RU-N14's Throwing Claymores 31439 | -6/Zion | Learned Factory emergency access door positions 31466 | -6/Zion | Met Imprinter 31544 | -6/Zion | Given A8's code to call for help 31600 | -6/Zion | Acquired unknown access codes intercepted by a Zionite 31844 | -6/Zion | Gained Derelict followers 31952 | -6/Zion | Found RU-N14's Throwing Claymores 31955 | -6/Zion | Found RU-N14's Throwing Claymores 32350 | -6/Zion | Entered Proximity Caves 32350 | -5/Proximity Caves | Accompanied by 3 allies 32351 | -5/Proximity Caves | Identified exit to Factory 32353 | -5/Proximity Caves | Spotter reported a threat 32353 | -5/Proximity Caves | Spotter reported a threat 32413 | -5/Proximity Caves | Spotter reported a threat 32509 | -5/Proximity Caves | Spotter reported a threat 32728 | -5/Proximity Caves | Spotter reported a threat 32784 | -5/Proximity Caves | Build established: Derelict-Gunner 32809 | -5/Proximity Caves | Attracted the attention of an 0b10 checkpoint 32812 | -5/Proximity Caves | Spotter reported a threat 33280 | -5/Proximity Caves | Spotted B-75 Beast 33382 | -5/Proximity Caves | Destroyed B-75 Beast 34848 | -5/Proximity Caves | Entered Factory 34848 | -5/Factory | Evolved 2 slots: Propulsion x1, Utility x1 34849 | -5/Factory | Identified exit to Factory 34850 | -5/Factory | Identified exit to Upper Caves 35148 | -5/Factory | Search patrols dispatched 35351 | -5/Factory | Build established: Derelict-Tank 35372 | -5/Factory | Identified Exp. System Shield 35372 | -5/Factory | Identified Exp. Targeting Computer 35372 | -5/Factory | Identified Exp. Signal Interpreter (x3) 35443 | -5/Factory | Garrison activated, responded to threat 35448 | -5/Factory | Search patrols dispatched 35615 | -5/Factory | Destroyed 10 combat bots 35621 | -5/Factory | Lost 3 parts (1n2u) 35859 | -5/Factory | Identified Hacking Drone Bay 35893 | -5/Factory | Build established: Gunner 36348 | -5/Factory | Attached Power Bank, gained temporary slots: Power x3 36422 | -5/Factory | Garrison activated, responded to threat 36607 | -5/Factory | Build established: Scavenger-Gunner 36632 | -5/Factory | Identified Exp. Target Analyzer 36632 | -5/Factory | Identified Spectral Analyzer 37214 | -5/Factory | Discovered exit to Upper Caves (range 7) 37623 | -5/Factory | Entered Upper Caves 37632 | -5/Upper Caves | Learned location of 1 exit from Factory 37734 | -5/Upper Caves | Attracted the attention of an 0b10 checkpoint 38051 | -5/Upper Caves | Learned 4 Factory zone layouts 38695 | -5/Upper Caves | Discovered new exit (range 10) 39004 | -5/Upper Caves | Entered another Upper Caves area 39040 | -5/Upper Caves | Discovered exit to Factory (range 8) 39351 | -5/Upper Caves | Learned location of 2 exits from Factory 39481 | -5/Upper Caves | Attracted the attention of an 0b10 checkpoint 39930 | -5/Upper Caves | Discovered new exit (range 15) 40281 | -5/Upper Caves | Spotted B-75 Beast 40864 | -5/Upper Caves | Entered Warlord 40918 | -5/Warlord | System corruption reached 10% 40925 | -5/Warlord | System corruption cleaned by Quarantine Array 41030 | -5/Warlord | Opened Warlord's prototype stash 41040 | -5/Warlord | Found Prototype Reactor 41070 | -5/Warlord | Found Prototype Hackware 41075 | -5/Warlord | Found Prototype Processor 41349 | -5/Warlord | Build established: Generator-Gunner 41658 | -5/Warlord | Visited the Vortex Lab 41670 | -5/Warlord | Warlord's base attacked by MAIN.C 41672 | -5/Warlord | Found Prototype Energy Gun 41673 | -5/Warlord | Identified Vortex Rifle 41678 | -5/Warlord | Found Vortex Rifle 41683 | -5/Warlord | Found Prototype Launcher 41797 | -5/Warlord | Build established: Commander-Gunner 41819 | -5/Warlord | Met Warlord 42020 | -5/Warlord | Warlord forces counterattacked 42126 | -5/Warlord | Spotted Striker 42164 | -5/Warlord | Destroyed 12 combat bots 42171 | -5/Warlord | Lost 12 allies 42205 | -5/Warlord | Spotted Striker 42232 | -5/Warlord | Discovered new exit (range 15) 42239 | -5/Warlord | Lost 3 allies 42264 | -5/Warlord | Entered Proximity Caves 42264 | -4/Proximity Caves | Accompanied by 3 allies 42570 | -4/Proximity Caves | Build established: Generator-Gunner 43461 | -4/Proximity Caves | Build established: Scavenger-Gunner 43564 | -4/Proximity Caves | Learned 4 Research zone layouts 43575 | -4/Proximity Caves | Discovered exit to Factory (range 8) 43903 | -4/Proximity Caves | Build established: Generator-Gunner 44697 | -4/Proximity Caves | Entered Factory 44697 | -4/Factory | Accompanied by 1 ally 44697 | -4/Factory | Evolved 2 slots: Power x1, Propulsion x1 44698 | -4/Factory | Identified exit to Armory 44699 | -4/Factory | Identified exit to Research 44699 | -4/Factory | Identified exit to Extension 44699 | -4/Factory | Identified exit to Upper Caves 44982 | -4/Factory | Repaired Arm. Wheel 45003 | -4/Factory | Build established: Scavenger-Gunner 45015 | -4/Factory | Repaired Arm. Wheel 45192 | -4/Factory | Fabricated Lgt. Quantum Reactor? 45345 | -4/Factory | Identified Exp. Armor Integrity Analyzer 45345 | -4/Factory | Identified Ghost Barrier 45697 | -4/Factory | First assault squad dispatched 45697 | -4/Factory | Cargo convoy interrupted 45700 | -4/Factory | Identified Vortex Catalyst Activator 45714 | -4/Factory | Incoming assault squad redirected 45741 | -4/Factory | Destroyed 15 combat bots 45748 | -4/Factory | Identified Vortex Chain Reactor 45762 | -4/Factory | Lost 7 parts (2p2n2u1w) 45765 | -4/Factory | Found Prototype Device 45765 | -4/Factory | Identified Exp. Focal Shield 45932 | -4/Factory | Destroyed 7 combat bots 46027 | -4/Factory | Entered Extension 46028 | -4/Extension | Loaded intel: 12 trap records 46080 | -4/Extension | Rescued a captive Derelict 46153 | -4/Extension | Identified exit to Cetus 46262 | -4/Extension | Build established: Scavenger-Tank 46336 | -4/Extension | Spotted B-86 Titan 46377 | -4/Extension | Spotted B-86 Titan 46464 | -4/Extension | Destroyed B-86 Titan 46628 | -4/Extension | Destroyed B-86 Titan 46729 | -4/Extension | Rescued a captive Derelict 46769 | -4/Extension | Rescued a captive Derelict 47228 | -4/Extension | Rescued a captive Derelict 47309 | -4/Extension | Rescued a captive Derelict 47311 | -4/Extension | Rescued a captive Derelict 47527 | -4/Extension | First assault squad dispatched 47550 | -4/Extension | Incoming assault squad redirected 47636 | -4/Extension | Rescued A7 47690 | -4/Extension | Build established: Commander-Tank 47807 | -4/Extension | Entered Cetus 47807 | -4/Cetus | Accompanied by 20 allies (A7) 47808 | -4/Cetus | Identified exit to Archives 47812 | -4/Cetus | Acquired a Cetus Manufacturing Module code from A7 47828 | -4/Cetus | Spotted Cetus Guard 47828 | -4/Cetus | Spotted Cetus Guard 47828 | -4/Cetus | Spotted Cetus Guard 47828 | -4/Cetus | Spotted Cetus Guard 47836 | -4/Cetus | Allies destroyed Cetus Guard 47843 | -4/Cetus | Allies destroyed Cetus Guard 47848 | -4/Cetus | Allies destroyed Cetus Guard 47849 | -4/Cetus | Destroyed Cetus Guard 47942 | -4/Cetus | Started Cetus Manufacturing Module 47959 | -4/Cetus | Escorted A7 to Cetus Mainframe 47967 | -4/Cetus | Manufactured an Enhanced Grunt 47992 | -4/Cetus | Manufactured an Enhanced Grunt 48017 | -4/Cetus | Manufactured an Enhanced Grunt 48026 | -4/Cetus | Spotted Cetus Guard 48027 | -4/Cetus | Spotted Cetus Guard 48029 | -4/Cetus | Spotted Cetus Guard 48032 | -4/Cetus | Discovered exit to Research (range 24) 48035 | -4/Cetus | Spotted Cetus Guard 48036 | -4/Cetus | Allies destroyed Cetus Guard 48042 | -4/Cetus | Manufactured an Enhanced Grunt 48049 | -4/Cetus | Allies destroyed Cetus Guard 48053 | -4/Cetus | Allies destroyed Cetus Guard 48058 | -4/Cetus | Allies destroyed Cetus Guard 48067 | -4/Cetus | Manufactured an Enhanced Grunt 48070 | -4/Cetus | Met Revision 17 48071 | -4/Cetus | System corruption reached 10% 48089 | -4/Cetus | Lost 3 allies 48378 | -4/Cetus | Entered Archives 48378 | -4/Archives | Accompanied by 21 allies (A7) 48383 | -4/Archives | Received a hacking code to weaken MAIN.C 48432 | -4/Archives | Discovered new exit (range 23) 48448 | -4/Archives | Lost 4 allies 48459 | -4/Archives | Discovered exit to Research (range 15) 48495 | -4/Archives | Discovered new exit (range 23) 51672 | -4/Archives | Entered Hub_04(d) 51672 | -4/Hub_04(d) | Accompanied by 16 allies 51748 | -4/Hub_04(d) | Lost 4 allies 51857 | -4/Hub_04(d) | Network Hub disabled 51857 | -4/Hub_04(d) | Spotted B-86 Titan 51858 | -4/Hub_04(d) | Spotted Lightning 51858 | -4/Hub_04(d) | Spotted Lightning 51858 | -4/Hub_04(d) | Spotted Lightning 51860 | -4/Hub_04(d) | Spotted Lightning 51870 | -4/Hub_04(d) | Spotted Lightning 51905 | -4/Hub_04(d) | Lost 12 allies 51909 | -4/Hub_04(d) | Entered Research 51909 | -3/Research | Evolved 2 slots: Utility x2 51983 | -3/Research | Discovered new exit (range 36) 52109 | -3/Research | Revision forces began assault on 0b10 52132 | -3/Research | Met up with Revision 17++ 52159 | -3/Research | Build established: Scavenger-Tank 52206 | -3/Research | Identified exit to Research 52285 | -3/Research | Discovered exit to Research (range 10) 52609 | -3/Research | Research terminal network offline 52713 | -3/Research | Fabricated Combat Drone Bay (x1) 52822 | -3/Research | Spotted B-90 Cyclops 52824 | -3/Research | Discovered new exit (range 12) 52828 | -3/Research | Destroyed B-90 Cyclops 52853 | -3/Research | Identified exit to Quarantine 52855 | -3/Research | Entered Quarantine 53111 | -3/Quarantine | Found Prototype Device 53116 | -3/Quarantine | Identified Exp. Thermal Shield 53192 | -3/Quarantine | Found Alien Artifact 53236 | -3/Quarantine | Identified Core Reset Matrix 53695 | -3/Quarantine | Repaired Centrium Medium Armor Plating 53810 | -3/Quarantine | Found Prototype Protection 53810 | -3/Quarantine | Identified Centrium Heavy Armor Plating 54136 | -3/Quarantine | Identified exit to Garrison 54290 | -3/Quarantine | Found Alien Artifact 54313 | -3/Quarantine | Entered Garrison 54391 | -3/Garrison | System corruption reached 10% 54525 | -3/Garrison | Triggered checkpoint 54589 | -3/Garrison | Garrison Relay disabled 54605 | -3/Garrison | Triggered checkpoint 54694 | -3/Garrison | Triggered checkpoint 54851 | -3/Garrison | Triggered checkpoint 54867 | -3/Garrison | Discovered exit to Research (range 13) 54910 | -3/Garrison | Garrison Relay disabled 54977 | -3/Garrison | Triggered checkpoint 55084 | -3/Garrison | Triggered checkpoint 55168 | -3/Garrison | Discovered exit to Research (range 61) 55168 | -3/Garrison | Discovered exit to Research (range 38) 55168 | -3/Garrison | Discovered exit to Research (range 21) 55181 | -3/Garrison | Triggered checkpoint 55238 | -3/Garrison | Spotted B-75 Beast 55256 | -3/Garrison | Garrison Relay disabled 55486 | -3/Garrison | Spotted Striker 55486 | -3/Garrison | Spotted Striker 55549 | -3/Garrison | Phase Generator disabled 55649 | -3/Garrison | Triggered checkpoint 55761 | -3/Garrison | Attempted to access garrison exit controls, blocked by remote lockdown 55884 | -3/Garrison | Entered Research 55884 | -2/Research | Warlord forces began assault on 0b10 55884 | -2/Research | Evolved 2 slots: Power x1, Utility x1 55909 | -2/Research | Distinguished unit "Smaug Mourners" dispatched to help 55909 | -2/Research | Distinguished unit "Knights of the Pentagonal Table" dispatched to help 55972 | -2/Research | Found Prototype Processor 55972 | -2/Research | Identified Exp. Melee Analysis Suite 55994 | -2/Research | Research machine network offline 56069 | -2/Research | Met up with Warlord 56148 | -2/Research | Discovered new exit (range 24) 56184 | -2/Research | Identified exit to Access 56323 | -2/Research | Borebot progress halted 56408 | -2/Research | Borebot progress halted 56677 | -2/Research | Found Prototype Processor 56678 | -2/Research | Identified Exp. Core Analyzer 56763 | -2/Research | Found Prototype Device 56763 | -2/Research | Identified Adv. Kinecellerator 56782 | -2/Research | Spotted Striker 56884 | -2/Research | Warlord invited to help at Command 56884 | -2/Research | Given Cave Seal Controls access code 57089 | -2/Research | Discovered exit to Access (range 10) 57097 | -2/Research | Borebot progress halted 57204 | -2/Research | Found Prototype Processor 57250 | -2/Research | Discovered new exit (range 5) 57321 | -2/Research | Found Exp. Signal Interpreter 57363 | -2/Research | Identified exit to Testing 57365 | -2/Research | Entered Testing 57409 | -2/Testing | Identified Exp. Terrain Scan Processor 57409 | -2/Testing | Identified Subatomic Replicator 57489 | -2/Testing | Lost 6 allies 57919 | -2/Testing | Protovariant out of control (PH-D29BTNBLXH) 57919 | -2/Testing | Unleashed a protovariant (PH-D29BTNBLXH) 57956 | -2/Testing | Found Adv. Kinecellerator 58150 | -2/Testing | Found Prototype Device 58150 | -2/Testing | Identified Femtoactuators 58212 | -2/Testing | Repaired Centrium Heavy Treads? 58313 | -2/Testing | Found Prototype Launcher 58314 | -2/Testing | Identified Mni. Smartbomb Launcher 58361 | -2/Testing | Found Prototype Launcher 58361 | -2/Testing | Identified Adv. Micro-nuke Launcher 58399 | -2/Testing | Spotted Striker 58404 | -2/Testing | Spotted Striker 58431 | -2/Testing | Destroyed Striker 58479 | -2/Testing | Destroyed Striker 58517 | -2/Testing | Found Prototype Launcher 58569 | -2/Testing | Identified Point Singularity Launcher 59199 | -2/Testing | Found Prototype Energy Cannon 59199 | -2/Testing | Identified Disintegrator 59286 | -2/Testing | System corruption reached 10% 59430 | -2/Testing | Spotted Investigator 59605 | -2/Testing | Found Prototype Reactor 59605 | -2/Testing | Identified Zero-point Reactor 59612 | -2/Testing | Found Prototype Device 59612 | -2/Testing | Identified Exp. Phase Shifter 59638 | -2/Testing | Scanned by Researcher 59649 | -2/Testing | Destroyed Investigator 59819 | -2/Testing | Destroyed 10 combat bots 59903 | -2/Testing | Discovered exit to Access (range 13) 60221 | -2/Testing | Spotted Fortress 60325 | -2/Testing | Discovered new exit (range 5) 60325 | -2/Testing | Discovered new exit (range 6) 60330 | -2/Testing | Identified exit to Section 7 60334 | -2/Testing | Entered Section 7 60516 | -2/Section 7 | Spotted S7 Guard 60584 | -2/Section 7 | First assault squad dispatched 60611 | -2/Section 7 | Incoming assault squad redirected 60628 | -2/Section 7 | Destroyed S7 Guard 60636 | -2/Section 7 | Found Alien Artifact 61016 | -2/Section 7 | Found Alien Artifact 61016 | -2/Section 7 | Identified Integrity Redistributor 61016 | -2/Section 7 | Used Integrity Redistributor, redistributed integrity from core (-347) 61101 | -2/Section 7 | Found Integrity Redistributor 61254 | -2/Section 7 | Found Prototype Device 61265 | -2/Section 7 | Identified Navigation Efficiency Matrix 61265 | -2/Section 7 | Identified Exp. EM Disruption Field 61850 | -2/Section 7 | Incoming assault squad redirected 61853 | -2/Section 7 | Incoming assault squad redirected 62033 | -2/Section 7 | Found Quantum Capacitor 62058 | -2/Section 7 | Spotted S7 Guard 62075 | -2/Section 7 | Found Alien Artifact 62103 | -2/Section 7 | Incoming assault squad redirected 62119 | -2/Section 7 | Used Integrity Redistributor, redistributed integrity from core (-444) 62120 | -2/Section 7 | Core integrity fell below 50% 62120 | -2/Section 7 | Identified Integrated Thermoelectric Network 62120 | -2/Section 7 | Installed Integrated Thermoelectric Network, gained heat-energy exchange potential 62236 | -2/Section 7 | Found Prototype Device 62280 | -2/Section 7 | Spotted B-90 Cyclops 62297 | -2/Section 7 | Spotted Alpha 7 62425 | -2/Section 7 | Core integrity fell below 20% 62436 | -2/Section 7 | Found Alien Artifact 62449 | -2/Section 7 | Discovered exit to Access (range 5) 62456 | -2/Section 7 | System corruption reached 30% 62461 | -2/Section 7 | Identified Exp. EM Shield 62462 | -2/Section 7 | Entered Access 62462 | -1/Access | Evolved 2 slots: Utility x2 62588 | -1/Access | Garrison activated, responded to threat 62700 | -1/Access | Found Prototype Energy Gun 62704 | -1/Access | Identified Enh. Gamma Rifle 62804 | -1/Access | Destroyed 11 combat bots 62866 | -1/Access | Spotted B-99 Colossus 62880 | -1/Access | Spotted B-99 Colossus 62944 | -1/Access | Identified Microwarp Drive 63220 | -1/Access | Identified exit to Command 63462 | -1/Access | First assault squad dispatched 63485 | -1/Access | Incoming assault squad redirected 63622 | -1/Access | Repaired Centrium Heavy Armor Plating 64223 | -1/Access | Entered Command 64372 | -1/Command | Disengaged cave seal 64372 | -1/Command | Derelicts emerged from the dark tunnel 64372 | -1/Command | Welcomed Warlord to Command 64518 | -1/Command | Disengaged cave seal 64518 | -1/Command | Derelicts emerged from the dark tunnel 64618 | -1/Command | Derelicts emerged from the dark tunnel 64888 | -1/Command | Lost 4 allies 65004 | -1/Command | Spotted M Guard 65004 | -1/Command | Spotted M Guard 65005 | -1/Command | Spotted Combat Programmer 65005 | -1/Command | Spotted Combat Programmer 65029 | -1/Command | Warlord commented on Warlord statues 65042 | -1/Command | Destroyed Combat Programmer 65046 | -1/Command | Combat Programmer assimilated allied YT-K59(l) 65048 | -1/Command | Destroyed Combat Programmer 65062 | -1/Command | All MAIN.C guards destroyed 65071 | -1/Command | Found Prototype Device 65072 | -1/Command | Identified AEGIS Remote Shield 65092 | -1/Command | Lost 31 allies 65208 | -1/Command | Used Subatomic Replicator to replicate Com. Mass Driver 65235 | -1/Command | Met MAIN.C 65237 | -1/Command | Hacked MAIN.C using A7's code 65240 | -1/Command | 0b10 Conduit disabled 65270 | -1/Command | Destroyed MAIN.C Shell 65273 | -1/Command | MAIN.C activated Command garrisons 65306 | *** | Establishing Free Derelict Territories! Last Messages --------------- 65296_ Slug penetrates MAIN.C. 65296_ MAIN.C reaction time slowed by virus. 65297_ 3Q-5TV(M) destroyed. 65299_ Blast Slug penetrates 1I-L23(g). 65299_ 1I-L23(g) destroyed. 65299_ Blast Slug penetrates MAIN.C. 65299_ MAIN.C knocked back. 65299_ Blast Slug penetrates MAIN.C. 65299_ MAIN.C knocked back. 65299_ Blast Slug penetrates 0b10 Conduit. 65299_ Slug penetrates MAIN.C. 65299_ MAIN.C knocked back. 65300_ FM-MMU(M) destroyed. 65302_ Blast Slug penetrates MAIN.C. 65303_ MAIN.C: "I hope you know you're still going to DIE HERE WITH ME!" 65303_ MAIN.C destroyed. ZY-L1N: Victory! Sure there's still lots to do, but without MAIN.C at the helm 0b10 doesn't stand a chance. We've got this... Map ----- +----------------------------------------------------+ | ?????????????????????????????????????????????????? | | ?????????????????????????????????????????????????? | | ?????????????????????????????????????????????????? | | ?????????????????????????????????????????????????? | | ?????????????????????????????????????????????????? | | ?????????????????????????????????????????????????? | | ?????????????????????????????????????????????????? | | ?????????????????????????????????????????????????? | | ?????????????????????????????????????????????????? | | ?????????????????????????????????????????????????? | | ?????????????????????????????????????????????????? | | ?????????????????????????????????????????????????? | | ?????????????????????????????????????????????????? | | ?????????????????????????????????????????????????? | | ?????????????????????????????????????????????????? | | ?????????????????????????????????????????????????? | | ?????????????????????????????????????????????????? | | ?????????????????????????????????????????????????? | | ?????????????????????????????????????????????????? | | ?????????????????????????????????????????????????? | | ?????????????#######################?????????????? | | ??????????????""""""" """" #?????????????? | | ??????????????"" "" #?????????????? | | ????????????????""" "" ############### | | ?????????????#""""""""""" ;% | | ?????????????#" " " @ M %;% | | ?????????????#"" """"" M Wm=+ % | | ??????????????"" """""" %%MM############### | | ???????????????" """""" #?????????????? | | ???????????????" " #?????????????? | | ???????????????" " !% ""#?????????????? | | ??????????????"""""""" = ""#?????????????? | | ??????????????"" %% """#?????????????? | | ?????????????? """"#?????????????? | | ??????????????? "% " #?????????????? | | ?????????????? $ " #?????????????? | | ?????????????? ? " % "" " #?????????????? | | ???????????????? "" " %% """" #?????????????? | | ????????????????? " "% " #?????????????? | | ?????????????????""""""" " " #?????????????? | | ?????????????????? """ "" ""?""#?????????????? | | ????????????????? ?"" " " "?? #?????????????? | | ?????????????????##??###########?????????????????? | | ?????????????????????????????????????????????????? | | ?????????????????????????????????????????????????? | | ?????????????????????????????????????????????????? | | ?????????????????????????????????????????????????? | | ?????????????????????????????????????????????????? | | ?????????????????????????????????????????????????? | | ?????????????????????????????????????????????????? | +----------------------------------------------------+ Best States ------------- Heat Dissipation 177 Coolant Potential 100 Energy Generation 81 Energy Capacity 1340 Matter Stores 502 Matter Capacity 700 Sight Range 24 Robot Scan Range 18 Terrain Scan Range 16 Terrain Scan Density 10 Jamming Range 16 Additional Mass Support 6 EM Shielding 4 Corruption Containment 12 Armor Coverage 1650 Resistance: KI 30 Resistance: TH 25 Resistance: EM 75 Point Defense Rating 240 Evasion (%) 60 Targeting Accuracy 20 Target Analysis 10 Core Analysis 8 Recoil Reduction 6 Particle Charging 20 Kinecelleration 50 Offensive Hacking 12 Defensive Hacking 20 Authchip Count 1 Trap Extractor Capacity 6 Item Schematics ----------------- Multitool | -8/Materials | Scanalyzed Hacking Suite | -8/Materials | Scanalyzed Humpback | -8/Materials | Scanalyzed Aerolev Unit | -7/Factory | Scanalyzed Huge Storage Unit | -7/Factory | Scanalyzed Combat Drone Bay | -7/Data Miner | Free Lgt. Regenerative Plating | -7/Data Miner | Free Biomechanical Wings | -7/Data Miner | Free Gravity Neutralizer | -7/Data Miner | Free Ion Burst Cannon | -7/Data Miner | Free Gyrokinetic Inverter | -7/Data Miner | Free Lrn. Tractor Beam | -7/Data Miner | Free Adv. Plasma Cannon | -7/Data Miner | Free Exp. Targeting Computer | -5/Factory | Scanalyzed Prc. Matter Filter | -3/Research | Scanalyzed Centrium Medium Armor Plating | -3/Research | Scanalyzed Imp. Hacking Suite | -3/Research | Scanalyzed Robot Schematics ------------------ M-28 Smith | -7/Factory | Hacked H-66 Slayer | -7/Data Miner | Free L-41 Fighter | -7/Data Miner | Free M-14 Sweeper | -7/Data Miner | Free A-15 Conveyor | -7/Data Miner | Free X-67 Chaingunner | -7/Data Miner | Free Fabricated ------------ Hvy. Reflective Plating | x1 | -7/Factory | Preloaded T-07 Excavator | x2 | -7/Factory | Preloaded Lgt. Quantum Reactor | x2 | -4/Factory | Preloaded Combat Drone Bay | x1 | -3/Research Repaired ---------- Adv. Treads | 74% | -8/Materials Lgt. Treads | 32% | -8/Materials Lgt. Treads | 44% | -8/Materials Med. Treads | 39% | -7/Factory Lgt. Treads | 42% | -7/Factory Railgun | 63% | -7/Factory Mak. Hammer | 64% | -7/Factory Railgun | 47% | -7/Factory Med. Reactive Plating | 35% | -7/Factory Med. Treads | 15% | -7/Factory Imp. Cooling System | 24% | -7/Factory Hvy. Rocket Launcher | 12% | -6/Factory Arm. Wheel | 30% | -4/Factory Arm. Wheel | 39% | -4/Factory Centrium Medium Armor Plating | 61% | -3/Quarantine Centrium Heavy Treads | 33% | -2/Testing Centrium Heavy Armor Plating | 14% | -1/Access Alien Tech Used ----------------- Integrity Redistributor Integrated Thermoelectric Network Microwarp Drive Subatomic Replicator Achievements -------------- None Challenges ------------ None Game ------ Seed FortressSchematicComputer Manual? 0 Play Time 10:45:05 Cumulative 946.6 hours Start 2025.06.07 @ 13:36:32 End 2025.06.08 @ 12:08:43 Sessions 13 Manual Loads 0 Difficulty Rogue Special Mode None Game No. 176 Rogue 176 Adventurer 0 Explorer 0 Win Type 7 Total 53 Types 23/4/9/1/3/1/6/3/2/1 Lore% 90 Gallery% 92 Achievement% 91 Wizard Run 0 Options --------- Layout 0 ASCII 0 Keyboard 0 Movement Numpad Keybinds 0 Fullscreen 1 Font 18/SmallcapsGlow Map View 76x50 Zoom Use 0% Tactical HUD 1 Map Filters NONE Filters NONE Steam 1 RUN: 7c1f93a3-757e-4bb0-a3f4-0023aac41dfb